 Dungeon Crawl Stone Soup version 0.23.0 (webtiles) character file.

Game seed: 9334762342286923343

1358993 Monsterracer the Conqueror (level 27, -55/159 HPs)
             Began as a Gargoyle Abyssal Knight on Feb 15, 2019.
             Was the Champion of the Shining One.
             Killed from afar by Curon the pandemonium lord (117 damage)
             ... with a crystal spear
             ... on level 1 of the Tomb of the Ancients.
             The game lasted 03:45:49 (125887 turns).

Monsterracer the Conqueror (GrAK)                 Turns: 125887, Time: 03:45:50

Health: -55/159    AC: 68    Str: 25      XL:     27
Magic:  46/46      EV: 13    Int: 10 (16) God:    the Shining One [******]
Gold:   8445       SH: 34    Dex:  6 (10) Spells: 26/26 levels left

rFire    + + +     SeeInvis .   a - +9 broad axe (holy)
rCold    + + +     Gourm    .   l - +0 large shield {AC+3}
rNeg     + + +     Faith    .   o - +12 gold dragon scales
rPois    ∞         Spirit   .   (helmet restricted)
rElec    +         Reflect  +   k - +0 cloak of Monotheism {rC+ MP+9 Int+4 Stlth-}
rCorr    .         Harm     .   H - +2 pair of gloves
MR       ++...     Rnd*Rage +   L - +1 pair of boots of Runutem {rElec rN+ MP+9 Dex+4} Stlth ..........Rnd*Tele +
                                i - brooch of Shielding {Reflect SH+8}
HPRegen  0.00/turn              F - ring of protection from fire {!d}
MPRegen  0.30/turn              Q - ring "Sotuv" {Ice rN+ Slay+3}

@: very slightly contaminated, glowing, studying Maces & Flails
A: big wings, horns 1, thin metallic scales 1, berserk 2, blurry vision 3,
clumsy 2, deformed body, deterioration 2, dopey 2, fire resistance 2, frail 2,
low mp 3, negative energy resistance 1, screaming 1, electricity resistance,
inhibited regeneration, teleportitis 1, unbreathing, petrification resistance,
no potion heal 1, rot immunity, subdued magic 1, AC +20
0: Orb of Zot
}: 14/15 runes: barnacled, slimy, silver, iron, obsidian, icy, bone, abyssal,
demonic, glowing, magical, fiery, dark, gossamer
a: Fly, Divine Shield, Cleansing Flame, Summon Divine Warrior, Renounce Religion


You were on level 1 of the Tomb of the Ancients.
You worshipped the Shining One.
The Shining One was exalted by your worship.
You were not hungry.

You visited 18 branches of the dungeon, and saw 87 of its levels.
You visited Pandemonium 3 times, and saw 22 of its levels.
You visited the Abyss 10 times.
You visited 1 ziggurat, and saw 14 of its levels.
You also visited: Sewer, Gauntlet, Volcano and Wizlab.

You collected 14427 gold pieces.
You spent 4967 gold pieces at shops.
You donated 1015 gold pieces to Zin.

Inventory:

Hand Weapons
 a - a +9 broad axe of holy wrath (weapon)
 b - a +9 antimagic broad axe
Missiles
 y - 7 throwing nets (quivered) {!f}
Armour
 k - the +0 cloak of Monotheism (worn) {rC+ MP+9 Int+4 Stlth-}
   (You acquired it on level 4 of the Abyss)

   It affects your intelligence (+4).
   It protects you from cold.
   It affects your magic capacity (+9).
   It makes you less stealthy.
 l - a +0 large shield of protection (worn)
 n - a +2 helmet
 o - +12 gold dragon scales (worn)
 p - the +2 ice dragon scales of the Komodo Dragon {rF- rC++ Regen+}
   (You took it off a deep elf high priest on level 3 of the Elven Halls)

   It makes you vulnerable to fire.
   It greatly protects you from cold.
   It increases your rate of regeneration.
 H - a +2 pair of gloves (worn)
 L - the +1 pair of boots of Runutem (worn) {rElec rN+ MP+9 Dex+4}
   (You found it on level 3 of the Depths)

   It affects your dexterity (+4).
   It insulates you from electricity.
   It protects you from negative energy.
   It affects your magic capacity (+9).
Jewellery
 g - an uncursed ring of resist corrosion
 i - the brooch of Shielding (around neck) {Reflect SH+8}
   (You took it off a draconian shifter on level 5 of the Depths)

   [amulet of reflection]

   It shields you and reflects attacks.
   It affects your SH (+8).
 q - the ring of Raptu {Fire rPois MR+}
   (You found it on level 3 of the Depths)

   [ring of fire]

   It enhances your fire magic.
   It protects you from fire.
   It makes you vulnerable to cold.
   It protects you from poison.
   It affects your resistance to hostile enchantments.
 B - the amulet "Lyocem" {Gourm rPois MR+}
   (You took it off a deep elf high priest on level 3 of the Elven Halls)

   [amulet of the gourmand]

   It allows you to eat raw meat even when not hungry.
   It protects you from poison.
   It affects your resistance to hostile enchantments.
 F - a ring of protection from fire (left hand) {!d}
 Q - the ring "Sotuv" (right hand) {Ice rN+ Slay+3}
   (You found it in Pandemonium)

   [ring of ice]

   It enhances your ice magic.
   It affects your accuracy and damage with ranged weapons and melee attacks
   (+3).
   It makes you vulnerable to fire.
   It protects you from cold.
   It protects you from negative energy.
 R - the ring "Ximpowon" {rC+ rN+ Int+4 Dex+4}
   (You found it on level 5 of a ziggurat)

   [ring of protection from cold]

   It affects your intelligence (+4).
   It affects your dexterity (+4).
   It protects you from cold.
   It protects you from negative energy.
Wands
 v - a wand of acid (22)
 z - a wand of iceblast (63)
 T - a wand of enslavement (7)
 W - a wand of digging (46)
Scrolls
 f - 24 scrolls of identify
 m - 6 scrolls of magic mapping
 r - 28 scrolls of remove curse
 s - 3 scrolls of summoning {!r}
 t - 31 scrolls of teleportation {!r}
 C - 4 scrolls of brand weapon
 I - 10 scrolls of fog
 O - a scroll of holy word
 P - 12 scrolls of fear {!r}
 S - 8 scrolls of silence
 X - 6 scrolls of blinking
Potions
 d - 5 potions of heal wounds
 e - 35 potions of curing
 h - 5 potions of ambrosia {!q}
 j - 2 potions of berserk rage {!q}
 w - 17 potions of brilliance
 x - 7 potions of agility
 A - 11 potions of lignification
 D - 11 potions of might
 E - 6 potions of magic
 G - 3 potions of cancellation
 J - 3 potions of resistance
 K - 12 potions of haste
 U - 10 potions of invisibility
Books
 M - a manual of Maces & Flails
Comestibles
 c - 89 rations


   Skills:
 O Level 27 Fighting
 O Level 27 Axes
 - Level 18.7(25.6) Maces & Flails
 + Level 12.8 Throwing
 O Level 27 Armour
 O Level 27 Dodging
 + Level 6.0 Stealth
 O Level 27 Shields
 O Level 27 Invocations
 - Level 6.1 Evocations


You had 26 spell levels left.
You didn't know any spells.
Your spell library contained the following spells:

 Spells                   Type           Power        Failure   Level  Hunger
 Animate Skeleton         Necr           N/A          94%         1    ##.....
 Beastly Appendage        Tmut           #.....       94%         1    ##.....
 Confusing Touch          Hex            #.....       94%         1    ##.....
 Corona                   Hex            #......      94%         1    ##.....
 Flame Tongue             Conj/Fire      #....        94%         1    ##.....
 Freeze                   Ice            #...         94%         1    ##.....
 Magic Dart               Conj           #...         94%         1    ##.....
 Pain                     Necr           #...         94%         1    ##.....
 Sandblast                Erth           #.....       94%         1    ##.....
 Shock                    Conj/Air       #...         94%         1    ##.....
 Sting                    Conj/Pois      #...         94%         1    ##.....
 Summon Butterflies       Summ           #.......     94%         1    ##.....
 Summon Small Mammal      Summ           #...         94%         1    ##.....
 Blink                    Tloc           N/A          98%         2    ###....
 Call Imp                 Summ           #.......     98%         2    ###....
 Corpse Rot               Necr           N/A          98%         2    ###....
 Ensorcelled Hibernation  Hex/Ice        #.....       98%         2    ###....
 Passwall                 Tmut/Erth      #.......     98%         2    ###....
 Poisonous Vapours        Pois/Air       #.....       98%         2    ###....
 Searing Ray              Conj           #.....       98%         2    ###....
 Shroud of Golubria       Chrm/Tloc      #.........   98%         2    ###....
 Slow                     Hex            #.......     98%         2    ###....
 Sticks to Snakes         Tmut           #.......     98%         2    ###....
 Swiftness                Chrm/Air       #.......     98%         2    ###....
 Throw Flame              Conj/Fire      #.....       98%         2    ###....
 Throw Frost              Conj/Ice       #.....       98%         2    ###....
 Call Canine Familiar     Summ           #.......     100%        3    ####...
 Confuse                  Hex            #.......     100%        3    ####...
 Conjure Flame            Conj/Fire      #.......     100%        3    ####...
 Dazzling Spray           Conj/Hex       #.....       100%        3    ####...
 Gell's Gravitas          Tloc           #.........   100%        3    ####...
 Ignite Poison            Fire/Tmut/Pois #.......     100%        3    ####...
 Inner Flame              Hex/Fire       #.......     100%        3    ####...
 Lesser Beckoning         Tloc           #.........   100%        3    ####...
 Mephitic Cloud           Conj/Pois/Air  #.......     100%        3    ####...
 Ozocubu's Armour         Chrm/Ice       #.......     100%        3    ####...
 Portal Projectile        Hex/Tloc       #.....       100%        3    ####...
 Recall                   Summ/Tloc      N/A          100%        3    ####...
 Regeneration             Chrm/Necr      #.........   100%        3    ####...
 Spectral Weapon          Hex/Chrm       #.......     100%        3    ####...
 Spider Form              Tmut/Pois      #.........   100%        3    ####...
 Static Discharge         Conj/Air       #.......     100%        3    ####...
 Stone Arrow              Conj/Erth      #.....       100%        3    ####...
 Summon Guardian Golem    Hex/Summ       #.......     100%        3    ####...
 Tukima's Dance           Hex            #.......     100%        3    ####...
 Vampiric Draining        Necr           #.........   100%        3    ####...
 Airstrike                Air            #.........   100%        4    #####..
 Animate Dead             Necr           N/A          100%        4    #####..
 Cause Fear               Hex            #.........   100%        4    #####..
 Force Lance              Conj/Tloc      #.......     100%        4    #####..
 Fulminant Prism          Conj/Hex       #.........   100%        4    #####..
 Ice Form                 Ice/Tmut       #.......     100%        4    #####..
 Iskenderun's Mystic Bla  Conj           #.......     100%        4    #####..
 Leda's Liquefaction      Hex/Erth       #.........   100%        4    #####..
 Olgreb's Toxic Radiance  Pois           #.......     100%        4    #####..
 Petrify                  Tmut/Erth      #.......     100%        4    #####..
 Summon Ice Beast         Ice/Summ       #.......     100%        4    #####..
 Summon Lightning Spire   Summ/Air       #.......     100%        4    #####..
 Throw Icicle             Conj/Ice       #.......     100%        4    #####..
 Agony                    Necr           #.......     100%        5    ######.
 Alistair's Intoxication  Tmut/Pois      #.......     100%        5    ######.
 Aura of Abjuration       Summ           #.........   100%        5    ######.
 Blade Hands              Tmut           #.........   100%        5    ######.
 Bolt of Draining         Conj/Necr      #.........   100%        5    ######.
 Bolt of Magma            Conj/Fire/Erth #.........   100%        5    ######.
 Borgnjor's Vile Clutch   Necr/Erth      #.........   100%        5    ######.
 Dispel Undead            Necr           #.......     100%        5    ######.
 Excruciating Wounds      Chrm/Necr      #.........   100%        5    ######.
 Fireball                 Conj/Fire      #.........   100%        5    ######.
 Irradiate                Conj/Tmut      #.........   100%        5    ######.
 Iskenderun's Battlesphe  Conj/Chrm      #.......     100%        5    ######.
 Lee's Rapid Deconstruct  Erth           #.........   100%        5    ######.
 Lightning Bolt           Conj/Air       #.........   100%        5    ######.
 Metabolic Englaciation   Hex/Ice        #.........   100%        5    ######.
 Silence                  Hex/Air        #.........   100%        5    ######.
 Summon Forest            Summ/Tloc      #.........   100%        5    ######.
 Summon Mana Viper        Hex/Summ       #.......     100%        5    ######.
 Venom Bolt               Conj/Pois      #.........   100%        5    ######.
 Yara's Violent Unravell  Hex/Tmut       #.........   100%        5    ######.
 Bolt of Cold             Conj/Ice       #.........   100%        6    #######
 Bolt of Fire             Conj/Fire      #.........   100%        6    #######
 Conjure Ball Lightning   Conj/Air       #.........   100%        6    #######
 Darkness                 Hex            #.........   100%        6    #######
 Death Channel            Necr           #.........   100%        6    #######
 Deflect Missiles         Chrm/Air       #.........   100%        6    #######
 Dispersal                Tloc           #.........   100%        6    #######
 Freezing Cloud           Conj/Ice/Air   #.........   100%        6    #######
 Hydra Form               Tmut           #.........   100%        6    #######
 Invisibility             Hex            #.......     100%        6    #######
 Iron Shot                Conj/Erth      #.........   100%        6    #######
 Ozocubu's Refrigeration  Ice            #.........   100%        6    #######
 Simulacrum               Ice/Necr       #.........   100%        6    #######
 Dragon Form              Tmut           #.........   100%        7    #######
 Haunt                    Necr/Summ      #.........   100%        7    #######
 Malign Gateway           Summ/Tloc      #.........   100%        7    #######
 Orb of Destruction       Conj           #.........   100%        7    #######
 Ring of Flames           Chrm/Fire      #.........   100%        7    #######
 Spellforged Servitor     Conj/Summ      #.........   100%        7    #######
 Summon Hydra             Summ           #.........   100%        7    #######
 Borgnjor's Revivificati  Necr           #.........   100%        8    #######
 Controlled Blink         Tloc           N/A          100%        8    #######
 Death's Door             Chrm/Necr      #.........   100%        8    #######
 Discord                  Hex            #.........   100%        8    #######
 Ignition                 Fire           #.........   100%        8    #######
 Infestation              Necr           #.........   100%        8    #######
 Necromutation            Tmut/Necr      #.........   100%        8    #######
 Shatter                  Erth           #.........   100%        9    #######
 Tornado                  Air            #.........   100%        9    #######
 Sublimation of Blood     Necr           Unusable     N/A         2    N/A
 Passage of Golubria      Tloc           Unusable     N/A         4    N/A
 Statue Form              Tmut/Erth      Unusable     N/A         6    N/A

Dungeon Overview and Level Annotations

Branches:
Dungeon (15/15)            Temple (1/1) D:7            Lair (6/6) D:8
 Shoals (4/4) Lair:3       Spider (4/4) Lair:3        Slime (5/5) Lair:6
    Orc (2/2) D:9             Elf (3/3) Orc:2        Vaults (5/5) D:13
  Crypt (3/3) Vaults:2       Tomb (2/3) Crypt:3      Depths (5/5) D:15
   Hell (1/1)                 Dis (7/7) Hell            Geh (7/7) Hell
    Coc (7/7) Hell            Tar (7/7) Hell            Zot (5/5) Depths:5

Altars:
Ashenzari
Cheibriados
Dithmenos
Elyvilon
Fedhas
Gozag
Hepliaklqana
Kikubaaqudgha
Makhleb
Nemelex Xobeh
Okawaru
Qazlal
Ru
Sif Muna
Trog
Uskayaw
Vehumet
Wu Jian
Xom
Yredelemnul
Zin
The Shining One
Beogh
Jiyva

Shops:
D:4 *:!*%   D:6 (   D:14 =   Orc:2 (?*?*   Shoals:2 ?(}}(   Vaults:3 (
Depths:2 *   Depths:5 (

Portals:
Hell: Depths:1 Depths:2 Depths:3 Depths:4 Depths:5
Abyss: Depths:4
Pandemonium: Depths:3

Annotations:
Slime:1 corrupted
Slime:5 corrupted
Vaults:5 corrupted
Depths:1 corrupted
Depths:3 corrupted
Zot:1 corrupted
Zot:4 corrupted
Zot:5 corrupted


Innate Abilities, Weirdness & Mutations

You are resistant to torment.
Your stone body is resilient. (AC +20)
You are immune to poison.
Your large and strong wings let you fly indefinitely.
You resist negative energy. (rN+)
You are resistant to electric shocks. (rElec)
You can survive without breathing.
You are immune to petrification.
You are immune to rotting.
You have a pair of small horns on your head.
You are partially covered in thin metallic scales. (AC +2)
You often lose your temper in combat.
Scrolls take you much longer to read.
You are very clumsy. (Dex -4)
Armour fits poorly on your strangely shaped body.
Your body often deteriorates upon taking damage.
You are very dopey. (Int -4)
Your flesh is very heat resistant. (rF++)
You are very frail. (-20% HP)
Your magical capacity is extremely low. (-30% MP)
You occasionally shout uncontrollably at your foes.
You do not regenerate when monsters are visible.
You are occasionally teleported next to monsters.
Potions are less effective at restoring your health.
Your spells are a little easier to cast, but a little less powerful.


Message History

Something smites you!
* * * LOW HITPOINT WARNING * * *
You take 10 damage, and have 26/159 hp.
Unknown command.
You hit the greater mummy.
The greater mummy convulses.
You headbutt the greater mummy.
The greater mummy is almost destroyed.
The greater mummy casts a spell.
You block the greater mummy's attack.
You hit the greater mummy but do no damage.
You headbutt the greater mummy!
The greater mummy is almost destroyed.
You slash the fire giant skeleton!
The fire giant skeleton convulses!
You block the greater mummy's attack.
You slash the greater mummy!
You destroy the greater mummy!
The Shining One accepts your kill.
You feel better.
You feel your power returning.
The mummy disappears in a puff of smoke!
The stone giant skeleton disappears in a puff of smoke!
The fire giant skeleton disappears in a puff of smoke!
You feel your strength returning.
You feel extremely nervous for a moment...
Death has come for you...
You regained 14 hp, and now have 40/159 hp.
You regained 3 mp, and now have 45/46 mp.
You block the reaper's attack.
MP restored: 46 You barely miss the reaper.
You headbutt the reaper.
The reaper is lightly wounded.
You block the reaper's attack.
You barely miss the reaper.
The reaper is lightly wounded.
You block the reaper's attack.
You hit the reaper.
The reaper convulses.
You headbutt the reaper, but do no damage.
The reaper is moderately wounded.
You hit the reaper but do no damage.
You headbutt the reaper, but do no damage.
The reaper is moderately wounded.
You block the reaper's attack.
You hit the reaper but do no damage.
The reaper is moderately wounded.
You block the reaper's attack.
You hit the reaper but do no damage. Your headbutt misses the reaper.
The reaper is moderately wounded.
You hit the reaper but do no damage.
You headbutt the reaper, but do no damage.
The reaper is moderately wounded.
You feel yourself speed up. You block the reaper's attack.
You barely miss the reaper.
The reaper is moderately wounded.
You block the reaper's attack.
You hit the reaper but do no damage.
The reaper is moderately wounded.
You hit the reaper.
The reaper convulses!
The reaper is moderately wounded.
You block the reaper's attack.
You closely miss the reaper.
The reaper is moderately wounded.
You hit the reaper but do no damage.
The reaper is moderately wounded.
You slice the reaper!!
The reaper convulses!!!
You kill the reaper!
You start resting.
You recover from your berserk rage.
You regained 2 hp, and now have 43/159 hp.
You start resting.
A lorocyproca comes into view.
Unknown command.
The lorocyproca moves out of view.
You open the lorocyproca like a pillowcase!!!
The lorocyproca convulses!!!
You kill the lorocyproca!
The Shining One accepts your kill.
You feel better.
Your Stealth skill increases to level 6!
You regained 13 hp, and now have 58/159 hp.
You start resting.
A pandemonium lord and a lich come into view.
You regained 7 hp, and now have 65/159 hp.
You miss Curon.
The lich shouts!
You slice Curon!!
Curon convulses!
Your headbutt misses Curon.
Curon is lightly wounded.
You block Curon's attack.
You slice Curon!!
Curon convulses.
Your headbutt misses Curon.
Curon is moderately wounded.
Curon hits you.
* * * LOW HITPOINT WARNING * * *
You take 3 damage, and have 62/159 hp.
You slash Curon!
Curon convulses!
You headbutt Curon.
Curon is heavily wounded.
You hit Curon.
Curon convulses.
Your headbutt misses Curon.
Curon is heavily wounded.
Curon gestures at you. The crystal spear hits you!!!!
Ouch! That really hurt!
You die...

...................††............
...................[.†...........
.........(.......................
...........................8...8.
.................................
........##################.......
........####*######## #.8...8.
........##..##......## #.......
........##..#..&@....## #.......
........##....L####...## #.8...8.
........##....##...#...#*#.......
........##...##.....#...##.......
........##..##..^...§#.>##.8...8.
........##..,##.....#...##.......
........##..,,##...#...###..)....
........##.^,,,####...## #.8.†.8.
........##..*,,,,,,..## #.......


You could see Curon and a lich.

Vanquished Creatures
  Antaeus (Coc:7)
  Asmodeus (Geh:7)
  Gloorx Vloq (Pan)
  the Serpent of Hell (Tar:7)
  Lom Lobon (Pan)
  Dispater (Dis:7)
  3 orbs of fire (Zot:5)
  Mennas (Depths:4)
  A juggernaut (Depths:4)
  12 greater mummies
  9 ancient liches
  Sojobo (Depths:4)
  Margery (Depths:2)
  Frederick (Depths:4)
  5 Killer Klowns (Zot:5)
  Saint Roka (Depths:1)
  5 shard shrikes
  8 pandemonium lords
  A curse toe (Zot:4)
  Geryon (Hell)
  2 profane servitors
  Nikola (Spider:4)
  A caustic shrike (Depths:4)
  7 golden dragons
  28 bone dragons
  Arachne (Spider:3)
  The ghost of Pawles22 the Warrior, an adept FoAK of Lugonu (Elf:3)
  4 doom hounds
  2 electric golems (Zot:5)
  Jory (Crypt:1)
  25 Tzitzimimeh
  15 liches
  14 Brimstone Fiends
  A hellephant (Tomb:1)
  19 tentacled monstrosities
  9 iron giants
  22 Ice Fiends
  27 Orb Guardians
  19 Hell Sentinels
  3 deep elf blademasters
  3 quicksilver dragons
  3 deep elf master archers
  A titan (Vaults:5)
  Murray (Hell)
  19 acid blobs
  26 Executioners
  Polyphemus (Shoals:2)
  8 death cobs
  43 tentacled starspawn
  7 tengu reavers
  Gastronok (Lair:3)
  20 ancient champions
  2 eldritch tentacles
  7 sphinxes
  10 warmongers
  8 storm dragons
  2 daevas
  5 draconian monks
  A nagaraja (Abyss:1)
  17 shadow dragons
  Agnes (Elf:1)
  3 revenants
  17 frost giants
  13 azure jellies
  Ilsuiw (Shoals:4)
  15 iron dragons
  8 fire giants
  11 ghost moths
  10 deep elf sorcerers
  31 balrugs
  6 draconian knights
  A juggernaut zombie (Hell)
  8 draconian scorchers
  3 emperor scorpions
  Louise (Spider:3)
  15 vault wardens
  11 ghouls
  20 cacodemons
  An orc warlord (Depths:2)
  3 curse skulls
  8 deep elf elementalists
  22 ironheart preservers
  2 spriggan defenders
  5 angels
  8 draconian shifters
  An elemental wellspring (Coc:7)
  8 draconian annihilators
  3 draconian stormcallers
  23 war gargoyles
  33 very ugly things
  62 reapers
  18 stone giants
  An ophan (Abyss:1)
  A juggernaut skeleton (Crypt:1)
  7 entropy weavers
  8 deep elf demonologists
  2 bennus (Tomb:1)
  9 corrupters (Pan)
  13 blood saints
  23 vampire knights
  14 black draconians
  12 black suns (Pan)
  2 pale draconians (Depths:5)
  14 deep elf annihilators
  16 lorocyprocas
  14 spark wasps
  8 white draconians
  3 red draconians
  9 green draconians
  A dire elephant (Abyss:1)
  9 purple draconians
  A minotaur (Gauntlet)
  10 ettins
  6 yellow draconians
  8 merfolk impalers (Shoals:4)
  7 eidola
  10 deep elf death magi
  5 death oozes (Slime:5)
  9 mummy priests
  11 deep elf high priests
  4 fire dragons
  4 merfolk javelineers
  Josephine (Lair:4)
  5 quicksilver dragon zombies
  17 yaktaur captains
  23 green deaths
  14 ogre magi
  A great orb of eyes (shapeshifter) (Abyss:4)
  The ghost of Mosut the Severer, a journeyman HOWn of the Shining One (Lair:3)
  2 kraken zombies
  24 blizzard demons
  26 jiangshi
  34 vault guards
  The ghost of Ceyvaan the Thaumaturge, a journeyman DEFE of Sif Muna (Lair:3)
  13 great orbs of eyes
  7 hell beasts
  3 quicksilver dragon skeletons
  17 rakshasas
  4 merfolk avatars
  5 monstrous demonspawn (Pan)
  23 ice dragons
  2 shambling mangroves (Zig:10)
  4 alligator snapping turtles
  11 hydras
  4 catoblepae
  A ghost crab (Tar:2)
  5 centaur warriors
  3 satyrs
  5 merfolk aquamancers (Shoals:4)
  27 dancing weapons
  2 satyrs (shapeshifter)
  A spriggan air mage (Depths:4)
  A two-headed ogre (shapeshifter) (Vaults:3)
  33 two-headed ogres
  110 large abominations
  A tengu warrior (Depths:3)
  12 deep troll shamans
  6 death knights
  14 death scarabs (Tomb:1)
  7 death yaks
  23 vampire magi
  36 hell knights
  6 deep troll earth magi
  27 hell hogs
  44 thrashing horrors
  2 orc high priests
  A spriggan berserker (Depths:5)
  7 titan zombies
  4 spriggans
  80 sun demons
  48 soul eaters
  9 iron golems
  7 storm dragon zombies
  Urug (Lair:3)
  24 deep elf knights
  27 sixfirhies
  40 wretched stars
  20 shadow wraiths
  13 iron trolls
  A salamander mystic (Depths:3)
  7 titan skeletons
  7 sea snakes
  10 storm dragon skeletons
  A quicksilver dragon simulacrum (Coc:7)
  3 spatial maelstroms
  13 gelid demonspawn (Pan)
  15 anaconda zombies
  9 glowing orange brains
  2 spark wasp zombies (Hell)
  4 ghost moth zombies
  A cherub (Tomb:2)
  12 flayed ghosts
  10 unseen horrors
  An unseen horror (shapeshifter) (Vaults:4)
  119 skeletal warriors
  9 torturous demonspawn (Pan)
  2 spriggan druids (Zig:10)
  3 death drakes
  9 infernal demonspawn (Pan)
  10 shadow dragon zombies
  26 deep trolls
  9 golden dragon zombies
  4 swamp dragons
  10 wizards
  21 shadow demons
  3 anaconda skeletons
  16 deep elf archers
  Pikel (D:8)
  2 obsidian statues (Zig:9)
  2 orange crystal statues (Zig:9)
  9 wolf spider zombies
  19 harpies
  28 phantasmal warriors
  2 golden dragon skeletons
  2 oklob plants (Lair:6)
  25 necromancers
  A lindwurm (shapeshifter) (Vaults:5)
  21 orb spiders
  15 ironbrand convokers
  13 frost giant zombies
  A statue (Abyss:1)
  16 orc knights
  5 iron dragon zombies
  A tengu skeleton (Vaults:3)
  3 salamanders (Depths:3)
  80 deep elf magi
  55 ugly things
  13 manticores
  10 orc sorcerers
  11 shining eyes
  33 wolf spiders
  73 slime creatures
  5 shadow dragon skeletons
  15 cyclopes
  12 fire giant zombies
  A harpy (shapeshifter) (Depths:3)
  11 stone giant zombies
  13 worldbinders
  A toenail golem (Tomb:2)
  3 human zombies
  6 iron dragon skeletons
  15 fauns
  15 moths of wrath
  7 frost giant skeletons
  11 stone giant skeletons
  3 eyes of devastation
  2 moths of wrath (shapeshifter)
  16 elephants
  11 fire giant skeletons
  9 black mambas (Lair:6)
  A sphinx skeleton (Zig:9)
  2 guardian serpents (shapeshifter) (Abyss:4)
  14 vault sentinels
  7 water nymphs
  9 merfolk sirens
  47 rust devils
  4 dire elephant zombies
  12 apocalypse crabs
  4 naga magi
  A torpor snail (shapeshifter) (Vaults:5)
  80 smoke demons
  A water nymph (shapeshifter) (Depths:3)
  A guardian serpent (Lair:6)
  A titan simulacrum (Coc:2)
  2 torpor snails
  2 black mambas (shapeshifter)
  35 orange demons
  A storm dragon simulacrum (Coc:3)
  2 yaktaur zombies
  2 dire elephant skeletons
  2 gargoyles (D:13)
  21 molten gargoyles
  Psyche (D:8)
  A black draconian zombie (Dis:6)
  2 red draconian zombies (Crypt:1)
  22 spiny frogs
  32 hellions
  A catoblepas zombie (Dis:2)
  2 komodo dragons (shapeshifter)
  3 rime drakes
  3 emperor scorpion zombies
  34 freezing wraiths
  2 swamp worm zombies
  14 efreet
  46 hellwings
  9 komodo dragons
  2 tengu conjurers
  49 yaktaurs
  6 anaconda simulacra
  31 ice devils
  39 tormentors
  17 demonic crawlers
  15 guardian mummies
  A wind drake (shapeshifter) (Vaults:5)
  A queen bee (shapeshifter) (Vaults:2)
  11 polar bears
  26 ancient zymes
  22 hydra zombies
  34 red devils
  16 merfolk
  13 trolls
  3 catoblepas skeletons
  5 silent spectres
  7 wind drakes
  A troll (shapeshifter) (Vaults:2)
  33 jumping spiders
  3 jumping spiders (shapeshifter)
  4 harpy zombies
  19 blink frogs
  7 harpy skeletons
  6 hydra skeletons
  20 hornets
  6 bog bodies
  2 hornets (shapeshifter)
  72 raiju
  4 spriggan zombies
  10 alligator zombies
  A slime creature (shapeshifter) (Vaults:3)
  2 deep troll zombies
  A snapping turtle (shapeshifter) (Vaults:5)
  9 fire dragon zombies
  A raiju (shapeshifter) (Depths:3)
  14 hippogriffs
  5 snapping turtles
  3 dream sheep (shapeshifter)
  11 ettin zombies
  25 dream sheep
  A fire giant simulacrum (Abyss:1)
  19 shadows
  3 ice dragon zombies
  4 air elementals
  3 black mamba zombies
  5 ettin skeletons
  115 flying skulls
  65 redbacks
  4 ice dragon skeletons
  24 tarantellas
  10 wyverns
  6 alligator skeletons
  6 fire dragon skeletons
  39 wraiths
  59 yaks
  3 spriggans (shapeshifter)
  19 vampires
  36 fire elementals
  A human (shapeshifter) (D:13)
  50 ynoxinuls
  6 ushabtiu
  27 water elementals
  12 fire bats
  A steam dragon (shapeshifter) (Vaults:4)
  A human (D:7)
  A golden eye (shapeshifter) (Zig:11)
  A basilisk (D:14)
  33 neqoxecs
  3 black mamba skeletons
  11 golden eyes
  3 steam dragons (Depths:5)
  4 hogs (D:7)
  7 vampire mosquitoes
  6 wargs
  33 chaos spawn
  2 spatial vortices
  6 hungry ghosts
  2 merfolk zombies
  20 insubstantial wisps
  A water nymph zombie (Crypt:1)
  A harpy simulacrum (Abyss:1)
  19 water moccasins
  3 acid dragons (Vaults:2)
  7 porcupines
  4 hydra simulacra
  A floating eye (Depths:4)
  99 hell hounds
  50 orc warriors
  9 spiny frog zombies
  A swamp drake (Zig:10)
  2 deep troll skeletons
  16 ice beasts
  4 slaves (D:8)
  12 black bears
  4 spiny frog skeletons
  7 phantoms
  5 snapping turtle zombies
  A swamp dragon zombie (Abyss:1)
  A manticore zombie (Geh:7)
  24 necrophages
  7 sky beasts
  A hornet zombie (Crypt:1)
  24 boggarts
  8 eyes of draining
  An ice dragon simulacrum (Crypt:1)
  A tengu (shapeshifter) (Vaults:2)
  32 ogres
  4 snapping turtle skeletons
  16 wolves
  7 crocodiles
  A swamp dragon skeleton (Tar:3)
  19 centaurs
  An elf zombie (Geh:3)
  7 big kobolds
  A big kobold (shapeshifter) (Slime:5)
  Blork the orc (Abyss:1)
  A komodo dragon zombie (Crypt:3)
  5 human skeletons
  9 bullfrogs
  8 earth elementals
  3 gnoll sergeants
  A spiny frog simulacrum (Coc:2)
  A deep troll simulacrum (Vaults:3)
  7 scorpions
  A human simulacrum (Vaults:3)
  82 small abominations
  11 killer bees
  2 troll zombies
  An elf simulacrum (Vaults:3)
  2 spectral wolves (Crypt:1)
  68 wights
  A raiju skeleton (Crypt:2)
  A spriggan skeleton (Abyss:1)
  2 howler monkeys
  2 troll skeletons
  An electric eel (Spider:3)
  6 jellies
  14 crimson imps
  159 starcursed masses
  3 quasits
  8 centaur zombies
  6 hounds
  46 iron imps
  21 orc priests
  4 bullfrog skeletons
  15 centaur skeletons
  Jessica (D:3)
  3 iguanas
  Natasha (D:2)
  2 lightning spires (Gauntlet)
  21 orc wizards
  6 hell rats
  15 worker ants
  A killer bee zombie (D:7)
  2 tengu zombies
  A big kobold skeleton (Crypt:2)
  A hound zombie (D:11)
  52 mummies
  A hound skeleton (D:8)
  17 gnolls
  2 howler monkey skeletons
  2 river rats (Sewer)
  18 adders
  11 shadow imps
  2 steam dragon skeletons (Crypt:3)
  28 white imps
  19 ufetubi
  An ooze (D:1)
  2 worm zombies (Crypt:2)
  An adder skeleton (D:4)
  14 ball lightnings (Pan)
  A barachi skeleton (Crypt:2)
  9 dart slugs
  5 leopard geckos
  120 orcs
  A ball python (D:1)
  5 giant cockroaches
  7 goblins
  8 hobgoblins
  15 jackals
  30 kobolds
  A ball python skeleton (Crypt:1)
  11 bats
  9 frilled lizards
  A hobgoblin skeleton (Crypt:2)
  2 jackal skeletons
  A kobold skeleton (Crypt:1)
  2 kobold zombies
  An orc skeleton (Geh:7)
  2 quokka zombies (D:5)
  10 rats
  A bush (Abyss:1)
  5 crawling corpses (Elf:3)
  A fire vortex (Geh:2)
  8 fungi
  3 lurking horrors
  A pillar of salt (Hell)
  10 plants
  48 starspawn tentacles
  4 tentacles
5949 creatures vanquished.

Vanquished Creatures (collateral kills)
  Cerebov (Pan)
  Ereshkigal (Tar:7)
  Mnoleg (Pan)
  An eldritch tentacle (Pan)
  A lich (Tar:7)
  A reaper (Tar:7)
  A soul eater (Pan)
  A skeletal warrior (Tar:7)
  A chaos spawn (Pan)
  A ball lightning (Pan)
10 creatures vanquished.

Vanquished Creatures (others)
  the Royal Jelly (Slime:5)
  An ancient lich (Zot:5)
  A juggernaut (Zot:5)
  2 Killer Klowns
  A pandemonium lord (Pan)
  2 Orb Guardians (Zot:5)
  A titan (Vaults:5)
  A deep elf master archer (Elf:3)
  A sphinx (Vaults:5)
  6 acid blobs
  2 shadow dragons
  2 storm dragons
  A tengu reaver (Vaults:5)
  A draconian monk (Zot:1)
  A fire giant (Depths:3)
  7 azure jellies
  2 draconian knights
  A vault warden (Vaults:5)
  A cacodemon (Pan)
  A draconian annihilator (Pan)
  A very ugly thing (Vaults:5)
  3 stone giants
  3 elemental wellsprings
  A war gargoyle (Vaults:5)
  2 green draconians
  A blood saint (Pan)
  A black sun (Pan)
  2 white draconians
  A yellow draconian (Zot:4)
  2 deep elf annihilators (Pan)
  A spark wasp (Depths:3)
  3 purple draconians
  2 ettins (Vaults:5)
  2 deep elf death magi
  A green death (Pan)
  5 death oozes (Slime:5)
  2 fire dragons (Depths:3)
  A vault guard (Vaults:5)
  An ice dragon (shapeshifter) (Abyss:4)
  A yaktaur captain (Depths:1)
  A rakshasa (Pan)
  A great orb of eyes (Slime:5)
  A merfolk aquamancer (Zig:6)
  An ogre mage (Vaults:5)
  6 two-headed ogres
  4 hell hogs
  A deep troll earth mage (Depths:3)
  A thrashing horror (Abyss:4)
  A skeletal warrior (Coc:3)
  2 deep trolls
  4 glowing orange brains
  A shadow demon (Pan)
  A wizard (Pan)
  An orb spider (Spider:4)
  A deep elf archer (Zig:11)
  An orc knight (Vaults:5)
  A wolf spider (shapeshifter) (Vaults:5)
  A deep elf mage (Elf:1)
  A harpy (Zig:6)
  3 ugly things (Depths:1)
  A wolf spider (Spider:4)
  A cyclops (Zig:14)
  3 moths of wrath
  2 shining eyes (Slime:1)
  A smoke demon (Pan)
  An eye of devastation (Slime:1)
  An ice devil (Pan)
  A yaktaur (Depths:3)
  2 red devils (Depths:3)
  2 jumping spiders
  A snapping turtle (Shoals:4)
  8 slime creatures
  2 hippogriffs
  A large abomination (Abyss:3)
  A water elemental (Depths:1)
  A ynoxinul (Pan)
  A tarantella (Spider:3)
  A wraith (Geh:7)
  A fire bat (Abyss:1)
  2 spatial vortices
  An eye of draining (Abyss:4)
  5 boggarts (Depths:1)
  A wolf (Crypt:1)
  2 ogres
  A centaur (shapeshifter) (Zig:11)
  2 small abominations
  A killer bee (shapeshifter) (Vaults:5)
  2 crimson imps (Depths:3)
  An iron imp (Dis:7)
  A white imp (Abyss:1)
  An ufetubus (Abyss:1)
  28 ball lightnings
  An orc (D:6)
  3 blocks of ice (Pan)
  3 bushes (Abyss:1)
  2 crawling corpses (Vaults:5)
  6 demonic plants (Abyss:1)
  2 fire vortices (Volcano)
  13 fungi
  4 lurking horrors
  53 plants
  123 starspawn tentacles
  9 tentacles
405 creatures vanquished.

Grand Total: 6364 creatures vanquished

Notes
Turn   | Place    | Note
-------+----------+-------------------------------------------
     0 | Abyss:1  | Monsterracer the Gargoyle Abyssal Knight began the quest
                  | for the Orb.
     0 | Abyss:1  | Reached XP level 1. HP: 14/14 MP: 2/2
    43 | Abyss:1  | Noticed a starcursed mass
    55 | Abyss:1  | Noticed a ynoxinul
    57 | Abyss:1  | Noticed a small abomination
    60 | D:1      | Escaped the Abyss
   160 | D:1      | HP: 5/14 [dart slug/slug dart (6)]
   166 | D:1      | HP: 3/14 [bat (1)]
   426 | D:1      | Reached XP level 2. HP: 19/19 MP: 3/3
   585 | D:1      | Reached * piety under Lugonu
   709 | D:1      | HP: 1/20 [gnoll/cursed -2 flail (10)]
   711 | D:1      | Reached XP level 3. HP: 2/24 MP: 4/4
  1499 | D:2      | HP: 12/24 [adder (2)]
  1504 | D:2      | HP: 9/24 [adder (3)]
  1518 | D:2      | HP: 9/24 [adder (1)]
  1521 | D:1      | Reached XP level 4. HP: 11/29 MP: 5/5
  1849 | D:2      | You fall through a shaft!
  2140 | D:3      | Reached ** piety under Lugonu
  2141 | D:3      | Found a hide-covered altar of Uskayaw.
  2265 | D:2      | Reached XP level 5. HP: 34/34 MP: 6/6
  2343 | D:2      | Noticed Natasha
  2358 | D:2      | Killed Natasha
  2536 | D:2      | Found a snail-covered altar of Cheibriados.
  2914 | D:3      | Noticed a centaur
  2925 | D:3      | Killed a centaur
  2925 | D:3      | Reached skill level 5 in Maces & Flails
  2925 | D:3      | Reached XP level 6. HP: 33/40 MP: 6/8
  2989 | D:3      | Noticed Jessica
  2997 | D:3      | Killed Jessica
  3345 | D:4      | Found Zipuushua's Assorted Antiques.
  3353 | D:4      | Bought a brown potion for 25 gold pieces
  3353 | D:4      | Bought a sedimented silvery potion for 25 gold pieces
  3353 | D:4      | Bought a grey potion for 25 gold pieces
  3387 | D:4      | Found Ginwukuta's Assorted Antiques.
  3401 | D:4      | Reached skill level 5 in Fighting
  3449 | D:4      | Found Eruajeod's Food Boutique.
  3490 | D:4      | Found Zietsyos's Distillery.
  3502 | D:4      | Found Welathross's Book Shop.
  3563 | D:4      | Found a glowing drain.
  3579 | Sewer    | Entered a sewer
  3747 | Sewer    | Reached *** piety under Lugonu
  3768 | Sewer    | Reached XP level 7. HP: 44/44 MP: 9/9
  3809 | Sewer    | Found a white marble altar of Elyvilon.
  4432 | D:5      | Entered Level 5 of the Dungeon
  4991 | D:5      | Reached XP level 8. HP: 46/51 MP: 9/11
  5137 | D:6      | Found Ahawn's Antique Weapon Emporium.
  5258 | D:6      | Noticed a hippogriff
  5303 | D:6      | HP: 25/51 [hound (1)]
  5600 | D:6      | Reached **** piety under Lugonu
  5721 | D:6      | HP: 24/51 [orc warrior/+0 flail (2)]
  5738 | D:6      | HP: 16/51 [orc warrior/+0 flail (4)]
  5753 | D:6      | HP: 12/51 [orc warrior/+0 flail (7)]
  5764 | D:6      | Noticed Blork the orc
  5765 | D:6      | Banished Blork the orc
  5765 | D:6      | Reached skill level 5 in Invocations
  5768 | D:6      | HP: 9/51 [orc warrior/+0 flail (5)]
  5781 | D:6      | HP: 3/51 [orc warrior/+0 flail (7)]
  5918 | D:6      | HP: 24/52 [orc/+0 flail (2)]
  5949 | D:6      | HP: 25/52 [hippogriff (4)]
  5960 | D:6      | Banished a hippogriff
  6137 | D:6      | Bought a jewelled war axe for 255 gold pieces
  6137 | D:6      | Identified the +10 war axe "Spider's Death" {flame, *Slow
                  | rPois Int+2 Dex+2} (You bought it in a shop on level 6 of
                  | the Dungeon)
  6173 | D:6      | Found a bloodstained altar of Trog.
  6402 | D:6      | Reached skill level 1 in Axes
  6625 | D:7      | Reached XP level 9. HP: 56/56 MP: 12/12
  6649 | D:7      | Found a blossoming altar of Fedhas.
  6739 | D:7      | Reached skill level 5 in Axes
  6739 | D:7      | HP: 26/56 [killer bee (3)]
  6915 | D:7      | Found a staircase to the Ecumenical Temple.
  7261 | D:7      | Reached XP level 10. HP: 49/63 MP: 10/14
  7504 | D:8      | Noticed Pikel
  7517 | D:8      | Killed Pikel
  7625 | D:8      | Noticed a death yak
  7630 | D:8      | Noticed a death yak
  7631 | D:8      | Noticed a death yak
  7635 | D:8      | Reached skill level 5 in Armour
  7639 | D:8      | HP: 23/63 [death yak (12)]
  7961 | D:8      | Found a staircase to the Lair.
  8029 | D:8      | Found a hazy altar of Hepliaklqana.
  8257 | D:8      | Noticed Psyche
  8276 | D:9      | HP: 32/64 [death yak (9)]
  8281 | D:9      | HP: 29/64 [death yak (1)]
  8283 | D:9      | Killed a death yak
  8283 | D:9      | Reached ***** piety under Lugonu
  8290 | D:9      | HP: 25/64 [black bear (2)]
  8625 | D:9      | Reached XP level 11. HP: 66/69 MP: 14/16
  8814 | D:9      | Got a twisted robe
  8976 | D:9      | Found a roughly hewn altar of Beogh.
  8976 | D:9      | Found a staircase to the Orcish Mines.
  9451 | D:8      | Killed Psyche
  9460 | D:8      | HP: 30/69 [death yak (6)]
  9483 | D:8      | HP: 28/69 [death yak (7)]
  9488 | D:8      | HP: 21/69 [death yak (7)]
  9494 | D:8      | HP: 20/69 [death yak (2)]
  9545 | D:9      | HP: 22/69 [death yak (9)]
  9555 | D:9      | Killed a death yak
  9881 | Lair:1   | Entered Level 1 of the Lair of Beasts
  9904 | Lair:1   | Reached skill level 10 in Axes
 10139 | Lair:1   | Noticed an eight-headed hydra
 10147 | Lair:1   | Killed a four-headed hydra
 10458 | Lair:1   | Noticed a six-headed hydra
 10466 | Lair:1   | Killed a three-headed hydra
 10688 | Lair:2   | Reached XP level 12. HP: 61/76 MP: 13/18
 11054 | Lair:2   | Noticed an eight-headed hydra
 11055 | Lair:2   | Noticed a seven-headed hydra
 11064 | Lair:2   | Killed a three-headed hydra
 11066 | Lair:2   | Killed a four-headed hydra
 11388 | Lair:2   | Reached skill level 10 in Fighting
 11850 | Lair:2   | You fall through a shaft!
 11860 | Lair:3   | Noticed a catoblepas
 11878 | Lair:3   | HP: 36/77 [catoblepas (16)]
 11880 | Lair:3   | Killed a catoblepas
 12125 | Lair:3   | Noticed Gastronok
 12142 | Lair:3   | Killed Gastronok
 12434 | Lair:3   | HP: 38/78 [blink frog (2)]
 12441 | Lair:3   | HP: 35/78 [blink frog (5)]
 12664 | Lair:3   | Found a runed translucent gate.
 12664 | Lair:3   | Found a runed translucent gate.
 12665 | Lair:3   | Found a runed translucent gate.
 12667 | Lair:3   | Noticed Ceyvaan's ghost (journeyman DEFE)
 12667 | Lair:3   | Noticed Mosut's ghost (journeyman HOWn)
 12691 | Lair:3   | Reached skill level 10 in Invocations
 12731 | Lair:3   | Noticed Urug
 12742 | Lair:3   | Killed Urug
 12742 | Lair:3   | Reached XP level 13. HP: 49/83 MP: 12/20
 12947 | Lair:3   | Found a hole to the Spider Nest.
 13481 | Lair:3   | Found a staircase to the Shoals.
 13833 | Lair:4   | Found a glowing silver altar of Zin.
 13857 | Lair:4   | Reached ****** piety under Lugonu
 13985 | Lair:4   | Noticed Josephine
 13995 | Lair:4   | HP: 40/84 [Josephine/vampiric draining (7)]
 14002 | Lair:4   | HP: 23/84 [wraith[Josephine] (5)]
 14018 | Lair:4   | HP: 22/84 [blink frog (3)]
 14043 | Lair:3   | HP: 27/84 [wraith[Josephine] (1)]
 14345 | Lair:4   | Killed Josephine
 14345 | Lair:4   | Reached skill level 10 in Armour
 14779 | Lair:4   | Got a smoking steel ring
 14796 | Lair:4   | Identified the ring "Serrovvo" {rPois MP+9 Dex+4 SInv} (You
                  | found it on level 4 of the Lair of Beasts)
 16061 | Lair:6   | Entered Level 6 of the Lair of Beasts
 16077 | Lair:6   | Gained mutation: Your large and strong wings let you fly
                  | indefinitely. [Gargoyle growth]
 16077 | Lair:6   | Reached XP level 14. HP: 77/91 MP: 22/22
 16296 | Lair:6   | Found a dark tunnel.
 16305 | Volcano  | Entered a volcano
 16781 | Volcano  | HP: 43/91 [fire elemental (6)]
 17268 | Volcano  | HP: 36/91 [lindwurm/blast of flame (21)]
 17517 | D:4      | Bought a shiny plate armour for 650 gold pieces
 17873 | Lair:6   | Reached skill level 1 in Dodging
 18144 | Lair:6   | Found a staircase to the Slime Pits.
 18411 | Lair:6   | Found a white marble altar of Elyvilon.
 18712 | Lair:6   | Got a twitching diamond amulet
 19301 | Lair:6   | Reached XP level 15. HP: 76/97 MP: 23/24
 19326 | Lair:6   | Identified the amulet "Winniwoh" {+Rage MP+9 Str+3 Dex-2}
                  | (You found it on level 6 of the Lair of Beasts)
 20159 | D:4      | Bought a potion of resistance for 120 gold pieces
 20159 | D:4      | Bought a potion of heal wounds for 60 gold pieces
 20159 | D:4      | Bought a potion of cancellation for 96 gold pieces
 20159 | D:4      | Bought a potion of heal wounds for 60 gold pieces
 20169 | D:4      | Bought a potion of heal wounds for 125 gold pieces
 20290 | Orc:1    | Entered Level 1 of the Orcish Mines
 20643 | Orc:2    | Entered Level 2 of the Orcish Mines
 20643 | Orc:2    | Found a gate leading to a gauntlet.
 20658 | Orc:2    | Found Haupraups's General Store.
 20667 | Orc:2    | Bought a scroll of blinking for 105 gold pieces
 20667 | Orc:2    | Bought a scroll of identify for 28 gold pieces
 20672 | Gauntlet | Entered a Gauntlet
 20672 | Gauntlet | Found a transporter.
 20672 | Gauntlet | Found a transporter.
 20688 | Gauntlet | Found a transporter.
 20692 | Gauntlet | Found a transporter.
 20704 | Gauntlet | Found a transporter.
 20723 | Gauntlet | Found a transporter.
 20729 | Gauntlet | Found a transporter.
 20737 | Gauntlet | Found a transporter.
 20754 | Gauntlet | Found a transporter.
 20762 | Gauntlet | Found a transporter.
 20779 | Gauntlet | Found a transporter.
 20802 | Gauntlet | Found a transporter.
 20868 | Gauntlet | Got a pitted graven amulet
 20874 | Gauntlet | Identified the amulet of Fimobb {Harm *Drain MR++ Str+5
                  | Int-3} (You found it in a Gauntlet)
 20940 | Gauntlet | Identified the +8 flail "Azanuezu" {crush, Int+4}
 20955 | Gauntlet | Reached skill level 1 in Evocations
 21243 | Orc:2    | HP: 40/97 [orc knight/bolt (12)]
 21781 | Orc:2    | HP: 27/97 [stone giant/large rock (26)]
 22120 | Orc:2    | Found a staircase to the Elven Halls.
 22407 | Orc:2    | Found Yninn's Magic Scroll Shoppe.
 22407 | Orc:2    | Found Okhlajupt's General Store.
 22407 | Orc:2    | Found Pucvoudi's Magic Scroll Shop.
 22410 | Orc:2    | Found Keyqa's Antique Weapon Emporium.
 22414 | Orc:2    | Bought a scroll of blinking for 120 gold pieces
 22414 | Orc:2    | Bought a scroll of teleportation for 48 gold pieces
 22414 | Orc:2    | Bought a scroll of teleportation for 48 gold pieces
 22414 | Orc:2    | Bought a scroll of teleportation for 48 gold pieces
 22414 | Orc:2    | Bought a scroll of fear for 56 gold pieces
 22414 | Orc:2    | Bought a scroll of fog for 32 gold pieces
 23021 | Orc:2    | Bought a runed broad axe for 189 gold pieces
 23098 | D:10     | Entered Level 10 of the Dungeon
 23179 | D:10     | Found a sacrificial altar of Ru.
 24958 | D:12     | Noticed a deep elf sorcerer
 24966 | D:12     | Killed a deep elf sorcerer
 24978 | D:12     | Found a deep blue altar of Sif Muna.
 25163 | D:12     | Noticed a deep elf sorcerer
 25168 | D:12     | Killed a deep elf sorcerer
 25224 | D:12     | Identified Apuymmiv's Catalogue of Battle Magic
 25237 | D:12     | Identified the Grimoire of Contamination and Good Luck
 25509 | D:12     | Reached skill level 15 in Axes
 25841 | D:12     | Reached skill level 5 in Dodging
 25867 | D:12     | Reached XP level 16. HP: 104/104 MP: 25/25
 25889 | D:12     | Noticed a bone dragon
 25890 | D:12     | Found the +9 sword of Zonguldrok {reap}
 25907 | D:12     | HP: 37/104 [bone dragon (20)]
 25922 | D:12     | HP: 37/104 [bone dragon (4)]
 26203 | D:11     | HP: 42/104 [bone dragon (15)]
 26213 | D:11     | HP: 33/104 [bone dragon (4)]
 26705 | D:11     | Killed a bone dragon
 26953 | D:13     | Found a gate to the Vaults.
 27295 | D:13     | Reached skill level 1 in Shields
 28106 | D:13     | Identified the +3 great mace of Calculation {flame, rPois}
 28491 | D:14     | Found Hoaf's Jewellery Boutique.
 28680 | D:14     | Found an ancient bone altar of Kikubaaqudgha.
 28730 | D:14     | Reached skill level 5 in Shields
 29086 | D:15     | Entered Level 15 of the Dungeon
 29225 | D:15     | Found a staircase to the Depths.
 29956 | D:15     | Reached XP level 17. HP: 101/112 MP: 26/26
 30610 | Spider:1 | Entered Level 1 of the Spider Nest
 30874 | Spider:1 | Got a blackened chain mail
 30885 | Spider:1 | Identified the cursed +0 chain mail "Ecaymica" {+Fly rElec}
                  | (You found it on level 1 of the Spider Nest)
 31371 | Spider:2 | Reached skill level 15 in Fighting
 31736 | Spider:2 | Identified a scroll of acquirement
 32004 | Spider:2 | HP: 47/113 [wolf spider (13)]
 32773 | Spider:3 | Noticed Arachne
 32789 | Spider:3 | Killed Arachne
 33171 | Spider:4 | Entered Level 4 of the Spider Nest
 33180 | Spider:4 | HP: 43/115 [disintegration (61)]
 33589 | Spider:4 | Noticed Louise
 33595 | Spider:4 | Noticed Nikola
 33870 | Spider:3 | Killed Louise
 33870 | Spider:3 | Reached skill level 10 in Shields
 33914 | Spider:4 | Killed Nikola
 33914 | Spider:4 | Reached XP level 18. HP: 87/122 MP: 27/27
 34234 | Spider:4 | HP: 59/122 [tarantella (10)]
 34890 | Spider:4 | Got a jewelled leather armour
 35112 | Spider:4 | HP: 58/124 [spark wasp (16)]
 35559 | Spider:4 | Got a gossamer rune of Zot
 35751 | Shoals:1 | Entered Level 1 of the Shoals
 35764 | Shoals:1 | You are sucked into a shaft!
 35874 | Shoals:2 | Found Temohes's Magic Scroll Boutique.
 35883 | Shoals:2 | Bought a scroll of enchant weapon for 150 gold pieces
 35883 | Shoals:2 | Bought a scroll of blinking for 150 gold pieces
 35883 | Shoals:2 | Bought a scroll of fear for 70 gold pieces
 35954 | Shoals:2 | Found Zukokhlerr's Antique Weapon Shoppe.
 35961 | Shoals:2 | Noticed Polyphemus
 35976 | Shoals:2 | Killed Polyphemus
 35976 | Shoals:2 | Reached skill level 15 in Armour
 35987 | Shoals:2 | Found Kysyw's Gadget Shop.
 36298 | Shoals:2 | Found Kaigasamp's Weapon Emporium.
 36324 | Shoals:2 | Found Esmaiss's Gadget Emporium.
 38617 | Shoals:4 | Entered Level 4 of the Shoals
 38902 | Shoals:4 | Reached XP level 19. HP: 129/130 MP: 28/28
 39002 | Shoals:4 | Noticed Ilsuiw
 39026 | Shoals:4 | Killed Ilsuiw
 39031 | Shoals:4 | HP: 43/131 [merfolk aquamancer/shard of ice (49)]
 39038 | Shoals:4 | HP: 36/131 [merfolk/+0 trident (9)]
 39361 | Shoals:4 | Identified the +7 buckler of Zavaurup {rF+ Str+5 Dex+5}
 39566 | Shoals:4 | HP: 51/132 [frost giant/bolt of cold (31)]
 39573 | Shoals:4 | HP: 32/132 [merfolk impaler/+5 trident of venom (8)]
 39581 | Shoals:4 | HP: 34/132 [merfolk siren/+2 spear of freezing (1)]
 40174 | Shoals:4 | Got a barnacled rune of Zot
 40914 | Shoals:2 | Bought a scroll of teleportation for 60 gold pieces
 41113 | Orc:2    | Bought a scroll of enchant armour for 112 gold pieces
 41113 | Orc:2    | Bought a scroll of enchant weapon for 112 gold pieces
 41121 | Orc:2    | Bought a scroll of magic mapping for 52 gold pieces
 41275 | Vaults:1 | Entered Level 1 of the Vaults
 41294 | Vaults:1 | HP: 53/132 [deep elf knight/shard of ice[an ironheart
                  | preserver] (36)]
 41765 | Vaults:1 | HP: 65/132 [deep elf annihilator/crystal spear[an ironheart
                  | preserver] (67)]
 43047 | Vaults:1 | Noticed a lich
 43058 | Vaults:1 | Killed a lich
 43058 | Vaults:1 | Reached skill level 10 in Maces & Flails
 43332 | Vaults:1 | Reached XP level 20. HP: 117/140 MP: 29/29
 43337 | Vaults:1 | HP: 63/140 [battlesphere[a tengu reaver] (25)]
 44212 | Vaults:2 | Identified a +5 broad axe of distortion (a +3 broad axe of
                  | chopping corrupted by Lugonu)
 44212 | Vaults:2 | Received a gift from Lugonu
 45630 | Vaults:2 | Found a staircase to the Crypt.
 46216 | Vaults:2 | Identified the ring of Girugica {rPois rF- Str+5 Dex+2
                  | SInv}
 46337 | Vaults:3 | Found Riubum's Weapon Boutique.
 47010 | Vaults:3 | You are sucked into a shaft!
 47017 | Vaults:4 | Reached XP level 21. HP: 123/148 MP: 30/30
 47433 | Vaults:3 | HP: 67/148 [wolf spider[a glowing orange brain] (9)]
 47729 | Vaults:3 | Paralysed by an ogre mage for 6 turns
 50750 | Shoals:2 | Bought the +10 dark maul {crush} for 1267 gold pieces
 50750 | Shoals:2 | Found the +10 dark maul {crush}
 51046 | Depths:1 | Entered Level 1 of the Depths
 51061 | Depths:1 | Reached XP level 22. HP: 156/156 MP: 31/31
 51905 | Depths:1 | Corrupted Depths:1
 51906 | Depths:1 | HP: 75/156 [two-headed ogre/+0 giant club (6)]
 51906 | Depths:1 | Noticed a profane servitor
 52271 | Depths:1 | Found a gateway to Hell.
 52864 | Depths:2 | Found Yxyr's Demolitions Depot.
 52946 | Depths:2 | Noticed Saint Roka
 52958 | Depths:2 | HP: 78/156 [hell knight/+2 war axe (8)]
 52965 | Depths:2 | HP: 34/156 [Saint Roka/divine providence (15)]
 52971 | Depths:2 | HP: 19/156 [hell knight/nerve-wracking pain (4)]
 53531 | Depths:1 | Killed Saint Roka
 53643 | Depths:2 | Reached skill level 15 in Maces & Flails
 53991 | Depths:2 | Found a gateway to a ziggurat.
 54022 | Depths:2 | Noticed Margery
 54032 | Depths:2 | HP: 78/156 [hell knight/bolt of fire[Margery] (6)]
 54037 | Depths:2 | HP: 61/156 [Margery/bolt of fire (19)]
 54057 | Depths:2 | HP: 62/156 [hell knight/puff of flame[Margery] (6)]
 54071 | Depths:2 | HP: 61/156 [hell knight/nerve-wracking pain[Margery] (6)]
 54082 | Depths:2 | HP: 49/156 [hell knight/+4 glaive of flaming[Margery] (16)]
 54384 | Depths:2 | Killed Margery
 55150 | Depths:2 | HP: 72/156 [deep troll (9)]
 56459 | Depths:3 | You are sucked into a shaft!
 56687 | Depths:4 | Noticed Sojobo
 56709 | Depths:4 | Killed Sojobo
 56770 | Depths:4 | Noticed a golden dragon
 56770 | Depths:4 | Noticed a caustic shrike
 56778 | Depths:4 | Killed a caustic shrike
 56780 | Depths:4 | Killed a golden dragon
 56781 | Depths:4 | HP: 72/156 [frost giant/+2 battleaxe of freezing (20)]
 56783 | Depths:4 | Identified the ring of Perfectionism {Wiz rN+ Str-3 Int+2}
 56788 | Depths:4 | Reached XP level 23. HP: 57/162 MP: 32/32
 56868 | Depths:4 | HP: 51/162 [ice dragon/blast of cold (40)]
 57251 | Depths:4 | HP: 68/162 [very large slime creature (20)]
 57256 | Depths:4 | HP: 61/162 [ettin/+0 dire flail (10)]
 57560 | Depths:4 | Noticed Mennas
 57575 | Depths:4 | HP: 80/162 [Mennas/+5 eudemon blade of holy wrath (7)]
 57580 | Depths:4 | HP: 39/162 [Mennas/+5 eudemon blade of holy wrath (12)]
 57585 | Depths:4 | Killed Mennas
 57961 | Depths:4 | Identified the Reference Book on Noxious Calling
 58007 | Depths:4 | Noticed Frederick
 58364 | Depths:3 | HP: 71/162 [fire dragon/blast of flame (23)]
 58370 | Depths:3 | HP: 57/162 [spark wasp/living lightning (6)]
 58374 | Depths:3 | Corrupted Depths:3
 58558 | Depths:3 | HP: 75/162 [spriggan defender/+3 flail of venom (13)]
 58570 | Depths:3 | HP: 66/162 [spriggan defender/+3 flail of venom (3)]
 58632 | Depths:3 | HP: 72/162 [frost giant/+2 battleaxe of freezing (17)]
 58939 | Depths:3 | Identified the ring of Raptu {Fire rPois MR+}
 58953 | Depths:3 | HP: 60/162 [ice dragon/blast of cold (36)]
 59841 | Depths:3 | Found a transporter.
 59950 | Depths:3 | Found a one-way gate leading to the halls of Pandemonium.
 59977 | Depths:3 | Found a transporter.
 59990 | Depths:3 | Got a pair of twisted boots
 59991 | Depths:3 | Identified the +1 pair of boots of Runutem {rElec rN+ MP+9
                  | Dex+4} (You found it on level 3 of the Depths)
 60345 | Depths:3 | Reached skill level 10 in Dodging
 60431 | Depths:4 | HP: 68/162 [Frederick/bolt of cold (33)]
 60432 | Depths:4 | Killed Frederick
 60821 | Depths:4 | Found a one-way gate to the infinite horrors of the Abyss.
 61255 | Depths:4 | HP: 80/162 [deep troll (3)]
 61256 | Depths:4 | HP: 33/162 [deep troll (16)]
 62105 | Lair:3   | Killed Ceyvaan's ghost
 62107 | Lair:3   | Killed Mosut's ghost
 62270 | Slime:1  | Entered Level 1 of the Pits of Slime
 62271 | Slime:1  | Corrupted Slime:1
 62635 | Slime:2  | Gained mutation: You are dopey. (Int -2) [a shining eye]
 62641 | Slime:1  | Paralysed by a great orb of eyes for 3 turns
 62787 | Slime:2  | Gained mutation: You have a pair of small horns on your
                  | head. [a shining eye]
 62788 | Slime:2  | Gained mutation: Scrolls take you a little longer to read.
                  | [a shining eye]
 62800 | Slime:2  | Lost mutation: You are dopey. (Int -2) [potion of mutation]
 62800 | Slime:2  | Lost mutation: Scrolls take you a little longer to read.
                  | [potion of mutation]
 62800 | Slime:2  | Gained mutation: Your skin changes colour to match your
                  | surroundings (Stealth+). [potion of mutation]
 62800 | Slime:2  | Gained mutation: Potions are less effective at restoring
                  | your health. [potion of mutation]
 62800 | Slime:2  | Gained mutation: You possess an exceptional clarity of
                  | mind. [potion of mutation]
 62800 | Slime:2  | Gained mutation: You have a pair of horns on your head.
                  | [potion of mutation]
 62835 | Slime:2  | Gained mutation: You are dopey. (Int -2) [a shining eye]
 62835 | Slime:2  | Gained mutation: Your body sometimes deteriorates upon
                  | taking damage. [a shining eye]
 62841 | Slime:2  | Gained mutation: You are very dopey. (Int -4) [a shining
                  | eye]
 62843 | Slime:2  | Gained mutation: Armour fits poorly on your strangely
                  | shaped body. [a shining eye]
 62964 | Slime:2  | Lost mutation: Your body sometimes deteriorates upon taking
                  | damage. [potion of mutation]
 62964 | Slime:2  | Lost mutation: You have a pair of horns on your head.
                  | [potion of mutation]
 62964 | Slime:2  | Lost mutation: You are very dopey. (Int -4) [potion of
                  | mutation]
 62964 | Slime:2  | Lost mutation: You possess an exceptional clarity of mind.
                  | [potion of mutation]
 62964 | Slime:2  | Gained mutation: You passively map a small area around you.
                  | [potion of mutation]
 62964 | Slime:2  | Gained mutation: You possess an exceptional clarity of
                  | mind. [potion of mutation]
 62965 | Slime:2  | Lost mutation: Potions are less effective at restoring your
                  | health. [potion of mutation]
 62965 | Slime:2  | Lost mutation: Armour fits poorly on your strangely shaped
                  | body. [potion of mutation]
 62965 | Slime:2  | Lost mutation: You have a pair of small horns on your head.
                  | [potion of mutation]
 62965 | Slime:2  | Lost mutation: You are dopey. (Int -2) [potion of mutation]
 62965 | Slime:2  | Gained mutation: You are weak. (Str -2) [potion of
                  | mutation]
 62965 | Slime:2  | Lost mutation: You possess an exceptional clarity of mind.
                  | [potion of mutation]
 62965 | Slime:2  | Gained mutation: Armour fits poorly on your strangely
                  | shaped body. [potion of mutation]
 62965 | Slime:2  | Gained mutation: You are resistant to hostile enchantments.
                  | (MR+) [potion of mutation]
 63027 | Slime:5  | Entered Level 5 of the Pits of Slime
 63050 | Slime:5  | HP: 65/162 [azure jelly (32)]
 63428 | Slime:5  | Found a viscous altar of Jiyva.
 63429 | Slime:5  | Noticed the Royal Jelly
 63447 | Slime:5  | HP: 81/163 [acid (4)]
 63448 | Slime:5  | HP: 38/163 [acid (8)]
 64150 | Slime:2  | Lost mutation: You are weak. (Str -2) [a shining eye]
 64151 | Slime:2  | Gained mutation: Scrolls take you a little longer to read.
                  | [a shining eye]
 64157 | Slime:2  | Reached XP level 24. HP: 129/169 MP: 32/32
 64166 | Slime:2  | Gained mutation: Your magical capacity is low. (-10% MP) [a
                  | shining eye]
 64171 | Slime:2  | Gained mutation: Your spells are a little easier to cast,
                  | but a little less powerful. [a shining eye]
 64353 | Slime:4  | HP: 78/169 [acid (8)]
 64964 | Slime:5  | Gained mutation: Your magical capacity is very low. (-20%
                  | MP) [a shining eye]
 65053 | Slime:5  | HP: 78/169 [azure jelly[the Royal Jelly] (7)]
 65055 | Slime:5  | HP: 34/169 [azure jelly[the Royal Jelly] (6)]
 65071 | Slime:5  | HP: 53/169 [the Royal Jelly (6)]
 65080 | Slime:5  | HP: 19/169 [death ooze[the Royal Jelly] (15)]
 65115 | Slime:5  | HP: 53/169 [acid[the Royal Jelly] (7)]
 65124 | Slime:4  | HP: 47/169 [slime creature (9)]
 65945 | Vaults:2 | Lost mutation: Scrolls take you a little longer to read.
                  | [potion of mutation]
 65945 | Vaults:2 | Lost mutation: Armour fits poorly on your strangely shaped
                  | body. [potion of mutation]
 65945 | Vaults:2 | Lost mutation: Your magical capacity is very low. (-20% MP)
                  | [potion of mutation]
 65945 | Vaults:2 | Lost mutation: Your spells are a little easier to cast, but
                  | a little less powerful. [potion of mutation]
 65945 | Vaults:2 | Lost mutation: You passively map a small area around you.
                  | [potion of mutation]
 65945 | Vaults:2 | Gained mutation: You have a pair of small antennae on your
                  | head. [potion of mutation]
 65945 | Vaults:2 | Gained mutation: You are robust. (+10% HP) [potion of
                  | mutation]
 66929 | Depths:5 | Entered Level 5 of the Depths
 67159 | Depths:5 | Noticed a juggernaut
 67203 | Depths:4 | Killed a juggernaut
 67762 | Depths:5 | Found Iferoul's Weapon Shoppe.
 68101 | Depths:5 | HP: 91/188 [black draconian/bolt of lightning (9)]
 68117 | Depths:5 | HP: 59/188 [black draconian/bolt of lightning (9)]
 68128 | Depths:5 | HP: 54/188 [black draconian/bolt of lightning (9)]
 68540 | Depths:5 | Found a gate to the Realm of Zot.
 68951 | Vaults:5 | Entered Level 5 of the Vaults
 69309 | Vaults:5 | Reached XP level 25. HP: 182/193 MP: 29/29
 69324 | Vaults:5 | Paralysed by an ogre mage for 3 turns
 69640 | Vaults:5 | HP: 78/195 [mirror damage (33)]
 70040 | Vaults:5 | Corrupted Vaults:5
 70047 | Vaults:5 | HP: 90/195 [sphinx/divine providence (10)]
 70053 | Vaults:5 | HP: 87/195 [tengu reaver/+1 long sword of slicing (6)]
 70343 | Vaults:5 | Got a silver rune of Zot
 70345 | Vaults:5 | Identified the +1 helmet of Tomorrow {rN+ Int+4} (You found
                  | it on level 5 of the Vaults)
 70356 | Vaults:5 | Got an ichor-stained fustibalus
 70832 | Vaults:5 | Found the +9 staff of Wucad Mu {channel}
 71430 | Orc:2    | Bought a scroll of teleportation for 45 gold pieces
 71430 | Orc:2    | Bought a scroll of teleportation for 45 gold pieces
 71430 | Orc:2    | Bought a scroll of teleportation for 45 gold pieces
 71430 | Orc:2    | Bought a scroll of teleportation for 45 gold pieces
 71585 | D:4      | Bought a scroll of teleportation for 75 gold pieces
 71585 | D:4      | Bought a potion of invisibility for 200 gold pieces
 71585 | D:4      | Bought a potion of haste for 250 gold pieces
 71585 | D:4      | Bought a scroll of magic mapping for 87 gold pieces
 71585 | D:4      | Bought a scroll of magic mapping for 87 gold pieces
 71881 | Slime:5  | Gained mutation: You are very robust. (+20% HP) [a shining
                  | eye]
 71883 | Slime:5  | Lost mutation: You are very robust. (+20% HP) [a shining
                  | eye]
 71986 | Slime:5  | Corrupted Slime:5
 72016 | Slime:5  | Killed the Royal Jelly
 72021 | Slime:5  | HP: 88/196 [large abomination[Lugonu's corruption] (17)]
 72029 | Slime:5  | HP: 74/196 [large abomination[Lugonu's corruption] (15)]
 72050 | Slime:5  | Got a slimy rune of Zot
 72052 | Slime:5  | Got a shimmering flail
 72056 | Slime:5  | Got a translucent shortbow
 72138 | Slime:5  | Identified the Guide on Twisted Hexes
 72310 | Slime:5  | Identified the Papyrus of Captivating Protection
 72825 | Zot:1    | Entered Level 1 of the Realm of Zot
 72843 | Zot:1    | Reached skill level 15 in Shields
 73151 | Zot:1    | Corrupted Zot:1
 73844 | Zot:1    | HP: 99/198 [black draconian/bolt of lightning (8)]
 74343 | Zot:1    | Cast into level 3 of the Abyss (white draconian)
 74523 | Abyss:3  | Found a roughly hewn altar of Beogh.
 74579 | Abyss:3  | Reached XP level 26. HP: 184/206 MP: 27/27
 74808 | Abyss:3  | HP: 96/206 [lich/crystal spear (15)]
 74816 | Abyss:3  | HP: 83/206 [starcursed mass/accursed screaming (8)]
 74819 | Abyss:3  | Reached skill level 15 in Invocations
 74821 | Abyss:3  | HP: 77/206 [starcursed mass/accursed screaming (8)]
 74835 | Abyss:3  | HP: 78/206 [starcursed mass/accursed screaming (5)]
 74837 | Zot:1    | Escaped the Abyss
 74841 | Zot:1    | HP: 78/206 [white draconian/chilling blast (2)]
 74847 | Zot:1    | HP: 77/206 [white draconian/chilling blast (3)]
 75933 | Zot:4    | HP: 101/207 [storm dragon/bolt of lightning (8)]
 76703 | Zot:4    | Noticed a Killer Klown
 76730 | Zot:4    | Corrupted Zot:4
 76732 | Zot:4    | HP: 103/209 [Killer Klown/klown pie (46)]
 76740 | Zot:4    | Killed a Killer Klown
 77925 | Zot:5    | Entered Level 5 of the Realm of Zot
 78534 | Zot:5    | Corrupted Zot:5
 78559 | Zot:5    | Killed an ancient lich
 78567 | Zot:5    | Killed a Killer Klown
 78578 | Zot:5    | Noticed an ancient lich
 78579 | Zot:5    | Noticed an orb of fire
 78580 | Zot:5    | Noticed a Killer Klown
 78810 | Zot:5    | Noticed a Killer Klown
 78829 | Zot:5    | HP: 83/209 [Killer Klown/klown pie (47)]
 78834 | Zot:5    | HP: 74/209 [black draconian/bolt of lightning (11)]
 78841 | Zot:5    | Noticed an orb of fire
 78841 | Zot:5    | HP: 54/209 [orb of fire/bolt of fire (23)]
 78841 | Zot:5    | Noticed a Killer Klown
 78844 | Zot:5    | Gained mutation: You are weak. (Str -2) [an orb of fire]
 78846 | Zot:5    | HP: 60/209 [orb of fire/fireball (8)]
 78846 | Zot:5    | Noticed an ancient lich
 78847 | Zot:5    | HP: 28/209 [orb of fire/bolt of fire (7)]
 78848 | Zot:5    | Noticed a Killer Klown
 78849 | Zot:5    | Gained mutation: You are clumsy. (Dex -2) [an orb of fire]
 78850 | Zot:5    | Noticed a Killer Klown
 78850 | Zot:5    | Noticed an orb of fire
 78852 | Zot:5    | HP: 43/209 [Killer Klown/klown pie (24)]
 78852 | Zot:5    | HP: 16/209 [white draconian/chilling blast (27)]
 78858 | Zot:5    | HP: 40/209 [yellow draconian knight/+0 battleaxe (7)]
 78864 | Zot:5    | HP: 36/209 [orb of fire/bolt of fire (28)]
 78873 | Zot:5    | Reached XP level 27. HP: 76/215 MP: 31/31
 78873 | Zot:5    | HP: 74/322 [red draconian/searing blast (2)]
 78873 | Zot:5    | Noticed a juggernaut
 78873 | Zot:5    | a Killer Klown changed into a juggernaut
 78885 | Zot:5    | HP: 42/322 [black draconian/bolt of lightning (2)]
 78886 | Zot:5    | Killed an orb of fire
 78887 | Zot:5    | Killed a juggernaut
 78891 | Zot:5    | HP: 22/215 [black draconian/bolt of lightning (7)]
 78955 | Zot:5    | HP: 81/215 [Orb Guardian (4)]
 79135 | Zot:5    | HP: 104/215 [electric golem/bolt of lightning (10)]
 79141 | Zot:5    | HP: 100/215 [electric golem (7)]
 79146 | Zot:5    | HP: 94/215 [electric golem/bolt of lightning (5)]
 79307 | Zot:5    | Gained mutation: You are dopey. (Int -2) [an orb of fire]
 79308 | Zot:5    | Gained mutation: You tend to lose your temper in combat.
                  | [an orb of fire]
 79310 | Zot:5    | HP: 106/215 [orb of fire/fireball (18)]
 79317 | Zot:5    | HP: 140/322 [orb of fire/fireball (21)]
 79320 | Zot:5    | Killed an orb of fire
 79640 | Zot:5    | Killed an ancient lich
 79692 | Zot:5    | Noticed an ancient lich
 79705 | Zot:5    | Gained mutation: You are very weak. (Str -4) [an orb of
                  | fire]
 80010 | Zot:5    | Noticed an ancient lich
 80024 | Zot:5    | Paralysed by the power of Zot for 4 turns
 80025 | Zot:5    | HP: 103/215 [Killer Klown/+9 club of freezing (11)]
 80031 | Zot:5    | HP: 83/215 [Orb Guardian (3)]
 80032 | Zot:5    | Gained mutation: Your spells are a little easier to cast,
                  | but a little less powerful. [an orb of fire]
 80036 | Zot:5    | HP: 66/215 [orb of fire/fireball (7)]
 80607 | Zot:5    | Gained mutation: You are very dopey. (Int -4) [an orb of
                  | fire]
 80611 | Zot:5    | Gained mutation: You are occasionally teleported next to
                  | monsters. [an orb of fire]
 80615 | Zot:5    | Killed an orb of fire
 80725 | Zot:5    | HP: 101/215 [Orb Guardian (8)]
 80728 | Zot:5    | Killed an ancient lich
 80908 | Zot:5    | HP: 101/215 [ancient lich/bolt of lightning (14)]
 80910 | Zot:5    | Killed an ancient lich
 80932 | Zot:5    | HP: 106/215 [Killer Klown/klown pie (5)]
 81337 | Zot:5    | Killed an ancient lich
 82033 | Lair:4   | Fell from the grace of Lugonu
 82033 | Lair:4   | Became a worshipper of Zin the Law-Giver
 82033 | Lair:4   | Reached * piety under Zin
 82033 | Lair:4   | Reached ** piety under Zin
 82034 | Lair:4   | Donated 589 gold pieces to Zin
 82035 | Lair:4   | Donated 295 gold pieces to Zin
 82079 | Lair:3   | Reached *** piety under Zin
 82155 | Temple   | Entered the Ecumenical Temple
 82598 | Depths:4 | Voluntarily entered the Abyss.
 82744 | Abyss:1  | Reached **** piety under Zin
 82809 | Depths:4 | Escaped the Abyss
 82836 | Depths:4 | Voluntarily entered the Abyss.
 83094 | Abyss:2  | Paralysed by accursed screaming for 1 turns
 84541 | Abyss:3  | Reached ***** piety under Zin
 84966 | Abyss:3  | HP: 99/215 [large abomination (illusionary) (10)]
 84972 | Abyss:3  | HP: 79/215 [starcursed mass/accursed screaming (6)]
 84977 | Abyss:3  | HP: 66/215 [starcursed mass/accursed screaming (5)]
 84988 | Abyss:3  | Gained mutation: You often lose your temper in combat. [a
                  | shining eye]
 84989 | Abyss:3  | HP: 63/215 [raiju/living lightning (2)]
 85012 | Abyss:3  | HP: 71/215 [reaper/+3 scythe of pain (1)]
 85038 | Abyss:3  | HP: 80/215 [starcursed mass/accursed screaming (4)]
 85089 | Abyss:3  | HP: 84/215 [large abomination (4)]
 85107 | Abyss:3  | HP: 77/215 [wretched star/orb of energy (14)]
 85156 | Abyss:3  | HP: 89/215 [starcursed mass/accursed screaming (9)]
 85163 | Abyss:3  | HP: 74/215 [starcursed mass/accursed screaming (11)]
 85199 | Abyss:3  | HP: 81/215 [raiju/living lightning (1)]
 85220 | Abyss:3  | HP: 72/215 [rakshasa/+0 trident (4)]
 85230 | Abyss:3  | HP: 73/215 [small abomination (2)]
 85655 | Abyss:3  | Lost mutation: You are very weak. (Str -4) [you]
 85680 | Abyss:4  | HP: 105/215 [starcursed mass/accursed screaming[the touch
                  | of Lugonu] (10)]
 85701 | Abyss:4  | Got a faintly humming cloak
 85702 | Abyss:4  | Identified the +0 cloak of Monotheism {rC+ MP+9 Int+4
                  | Stlth-} (You acquired it on level 4 of the Abyss)
 85798 | Abyss:4  | HP: 150/322 [crystal guardian/crystal bolt (25)]
 85800 | Abyss:4  | HP: 73/215 [tentacled starspawn (18)]
 85813 | Abyss:4  | HP: 67/215 [crystal guardian/crystal bolt (10)]
 85820 | Abyss:4  | HP: 74/215 [Executioner (6)]
 85843 | Abyss:4  | Got an abyssal rune of Zot
 86208 | Abyss:4  | Gained mutation: Your spells are easier to cast, but less
                  | powerful. [mutagenic glow]
 86218 | Abyss:4  | HP: 106/215 [lurking horror (25)]
 86236 | Abyss:4  | HP: 90/215 [Hell Sentinel/damnation (24)]
 86240 | Abyss:4  | HP: 38/215 [lich/bolt of cold (30)]
 86247 | Abyss:4  | HP: 86/215 [lich (2)]
 86266 | Depths:4 | Escaped the Abyss
 86591 | Hell     | Entered the Vestibule of Hell
 86591 | Hell     | Noticed Geryon
 86642 | Hell     | HP: 103/215 [balrug/divine providence (11)]
 87369 | Depths:4 | Gained mutation: Potions are less effective at restoring
                  | your health. [mutagenic glow]
 87524 | Depths:4 | Cast into level 5 of the Abyss (Lugonu's touch)
 87524 | Abyss:5  | Entered Level 5 of the Abyss
 87564 | Depths:4 | Escaped the Abyss
 87888 | Hell     | Killed Geryon
 87939 | Hell     | Found a gateway to the freezing wastes of Cocytus.
 88056 | Hell     | Found a gateway to the ashen valley of Gehenna.
 88175 | Hell     | Found a gateway to the Iron City of Dis.
 88192 | Hell     | Noticed Murray
 88246 | Hell     | HP: 106/215 [??? (25)]
 88251 | Hell     | HP: 71/215 [spectral stone giant[Murray] (12)]
 88258 | Hell     | HP: 40/215 [??? (9)]
 88265 | Hell     | HP: 35/215 [??? (8)]
 88278 | Hell     | HP: 32/215 [??? (7)]
 88292 | Hell     | HP: 21/215 [jiangshi[Murray] (10)]
 88298 | Hell     | HP: 23/215 [??? (5)]
 88316 | Hell     | HP: 24/215 [??? (5)]
 88794 | Hell     | Found a gateway to the decaying netherworld of Tartarus.
 88940 | Hell     | Killed Murray
 89171 | Tar:1    | Entered Level 1 of Tartarus
 89471 | Tar:2    | HP: 100/215 [reaper/+0 scythe of slicing (11)]
 89477 | Tar:3    | HP: 91/215 [bone dragon[a doom hound] (10)]
 89482 | Tar:3    | HP: 85/215 [bone dragon[a doom hound] (6)]
 89487 | Tar:3    | HP: 67/216 [torment (16)]
 89504 | Tar:3    | HP: 71/216 [bone dragon[the effects of Hell] (1)]
 89531 | Tar:3    | HP: 67/216 [???[the effects of Hell] (15)]
 89546 | Tar:3    | HP: 59/216 [???[the effects of Hell] (13)]
 89575 | Tar:3    | HP: 49/216 [???[the effects of Hell] (11)]
 89581 | Tar:3    | HP: 44/216 [Tzitzimitl/bolt of negative energy[the effects
                  | of Hell] (7)]
 89672 | Tar:3    | HP: 84/216 [bone dragon[the effects of Hell] (1)]
 89689 | Hell     | HP: 68/216 [bone dragon[the effects of Hell] (1)]
 90600 | Tar:2    | Reached ****** piety under Zin
 90676 | Tar:2    | Lost mutation: Your magical capacity is low. (-10% MP)
                  | [potion of mutation]
 90676 | Tar:2    | Lost mutation: You are resistant to hostile enchantments.
                  | (MR+) [potion of mutation]
 90676 | Tar:2    | Lost mutation: Potions are less effective at restoring your
                  | health. [potion of mutation]
 90676 | Tar:2    | Lost mutation: You are weak. (Str -2) [potion of mutation]
 90677 | Tar:2    | Lost mutation: Your spells are easier to cast, but less
                  | powerful. [potion of mutation]
 90677 | Tar:2    | Lost mutation: You have a pair of small antennae on your
                  | head. [potion of mutation]
 90677 | Tar:2    | Lost mutation: You are clumsy. (Dex -2) [potion of
                  | mutation]
 90678 | Tar:2    | Lost mutation: You are very dopey. (Int -4) [potion of
                  | mutation]
 90678 | Tar:2    | Lost mutation: You are dopey. (Int -2) [potion of mutation]
 90678 | Tar:2    | Lost mutation: You often lose your temper in combat.
                  | [potion of mutation]
 90679 | Tar:2    | Lost mutation: You are robust. (+10% HP) [potion of
                  | mutation]
 90679 | Tar:2    | Lost mutation: You are occasionally teleported next to
                  | monsters. [potion of mutation]
 90680 | Tar:2    | Lost mutation: You tend to lose your temper in combat.
                  | [potion of mutation]
 90680 | Tar:2    | Lost mutation: Your spells are a little easier to cast, but
                  | a little less powerful. [potion of mutation]
 90731 | Depths:4 | Cast into level 5 of the Abyss (Lugonu's touch)
 90731 | Abyss:5  | Entered Level 5 of the Abyss
 90737 | Depths:4 | Escaped the Abyss
 91049 | Temple   | Fell from the grace of Zin
 91049 | Temple   | Became a worshipper of the Shining One
 91049 | Temple   | Reached * piety under the Shining One
 91049 | Temple   | Reached ** piety under the Shining One
 91276 | Crypt:1  | Entered Level 1 of the Crypt
 91298 | Crypt:1  | Reached *** piety under the Shining One
 91467 | Crypt:1  | Reached **** piety under the Shining One
 91753 | Crypt:1  | Reached ***** piety under the Shining One
 91798 | Crypt:1  | Found a magical portal.
 91807 | WizLab   | Entered Doroklohe's Tomb
 92070 | WizLab   | Noticed a greater mummy
 92444 | Crypt:1  | Reached ****** piety under the Shining One
 92459 | Crypt:1  | Identified a +9 broad axe of holy wrath (a +8 broad axe of
                  | freezing blessed by the Shining One)
 92459 | Crypt:1  | Received a gift from the Shining One
 92536 | Crypt:1  | Found an ancient bone altar of Kikubaaqudgha.
 92538 | Crypt:1  | Noticed Jory
 92560 | Crypt:1  | Killed Jory
 92683 | Crypt:1  | Was forgiven by Lugonu
 93049 | Crypt:2  | Noticed an ancient lich
 93067 | Crypt:2  | Killed an ancient lich
 93112 | Crypt:2  | Found the +6 Majin-Bo {vamp, Archmagi MP+6 Int+6}
 93296 | Crypt:2  | Reached skill level 27 in Fighting
 93712 | Crypt:3  | Entered Level 3 of the Crypt
 93720 | Crypt:3  | Noticed an ancient lich
 93731 | Crypt:3  | Killed an ancient lich
 93819 | Crypt:3  | Found a staircase to the Tomb.
 94435 | Crypt:3  | Got a bloodstained chain mail
 94446 | Crypt:3  | Identified the +8 chain mail "Vaehocih" {rElec} (You found
                  | it on level 3 of the Crypt)
 94776 | Crypt:3  | Found the amulet of the Four Winds {rN+ MR+++ Clar}
 94814 | Crypt:3  | Got a fine robe
 94837 | Crypt:3  | Got an ichor-stained ring mail
 94840 | Crypt:3  | Got a crystal scimitar
 94857 | Crypt:3  | Identified Imasuo Uhiwa's Handbook of Black Secrets
 95472 | Pan      | Entered Pandemonium
 95636 | Pan      | Noticed Yjearamm the pandemonium lord
 95683 | Pan      | Killed Yjearamm the pandemonium lord
 95762 | Pan      | Found a runed translucent door.
 96330 | Pan      | Gained mutation: Scrolls take you a little longer to read.
                  | [a cacodemon]
 96333 | Pan      | Gained mutation: You are weak. (Str -2) [a cacodemon]
 96367 | Pan      | Lost mutation: You are weak. (Str -2) [potion of mutation]
 96367 | Pan      | Lost mutation: Scrolls take you a little longer to read.
                  | [potion of mutation]
 96367 | Pan      | Lost mutation: Your skin changes colour to match your
                  | surroundings (Stealth+). [potion of mutation]
 96367 | Pan      | Gained mutation: You are occasionally teleported next to
                  | monsters. [potion of mutation]
 96367 | Pan      | Gained mutation: You are partially covered in thin metallic
                  | scales. (AC +2) [potion of mutation]
 96367 | Pan      | Gained mutation: You have a pair of small horns on your
                  | head. [potion of mutation]
 96367 | Pan      | Gained mutation: Your flesh is heat resistant. (rF+)
                  | [potion of mutation]
 96394 | Pan      | Entered the realm of Gloorx Vloq.
 96577 | Pan      | Noticed Gloorx Vloq
 96606 | Pan      | Killed Gloorx Vloq
 96699 | Pan      | Got a dark rune of Zot
 96755 | Pan      | Found an exit through the horrors of the Abyss.
 97021 | Pan      | Entered the realm of Cerebov.
 97118 | Pan      | Got a brightly glowing whip
 97222 | Pan      | Found an exit through the horrors of the Abyss.
 97307 | Pan      | Identified the ring of Jozogen {rElec rPois MR+ Str+7
                  | Dex-4}
 97324 | Pan      | Identified the Catalogue of Freezing Feathers
 97327 | Pan      | Got a bound granite ring
 97328 | Pan      | Identified the ring of Uvvigaif {rF+ Stlth-} (You found it
                  | in Pandemonium)
 97338 | Pan      | Got a fine plate armour
 97339 | Pan      | Identified the cursed +1 plate armour of the Dice {rN+
                  | Dex+3 Slay+2 Stlth-} (You found it in Pandemonium)
 97360 | Pan      | Got a shimmering bone ring
 97361 | Pan      | Identified the ring of Balance {Str+4 Stlth-} (You found it
                  | in Pandemonium)
 97365 | Pan      | Got a coiled tin ring
 97366 | Pan      | Identified the ring of Raodick {rN+ Int+3} (You found it in
                  | Pandemonium)
 97369 | Pan      | Got a warped short sword
 97372 | Pan      | Identified the Collected Works on the Lethal Escort
 97436 | Pan      | Identified Witchcraft, Part Two
 97441 | Pan      | Got a steaming dagger
 97473 | Pan      | Identified the +6 sword of Cerebov {flame}
 97473 | Pan      | Noticed Cerebov
 97506 | Pan      | HP: 90/199 [balrug/divine providence (14)]
 97529 | Pan      | Killed Cerebov
 97668 | Pan      | Got a brightly glowing emerald amulet
 97669 | Pan      | Identified the amulet of Hudanuet {Faith Str+3 Int+4
                  | Stlth+} (You found it in Pandemonium)
 97684 | Pan      | Got a warped brass ring
 97685 | Pan      | Identified the ring "Sotuv" {Ice rN+ Slay+3} (You found it
                  | in Pandemonium)
 97688 | Pan      | Got a fiery rune of Zot
 97963 | Pan      | Gained mutation: Scrolls take you a little longer to read.
                  | [a neqoxec]
 97965 | Pan      | Gained mutation: You are clumsy. (Dex -2) [a neqoxec]
 97969 | Pan      | Gained mutation: You are frail. (-10% HP) [a neqoxec]
 97982 | Pan      | Noticed Elima the pandemonium lord
 98013 | Pan      | Gained mutation: Armour fits poorly on your strangely
                  | shaped body. [a cacodemon]
 98022 | Pan      | Killed Elima the pandemonium lord
 98100 | Pan      | Noticed Ytaepum the pandemonium lord
 98112 | Pan      | Killed Ytaepum the pandemonium lord
 98339 | Pan      | Noticed Vyetwos the pandemonium lord
 98353 | Pan      | Killed Vyetwos the pandemonium lord
 98356 | Pan      | Got a twisted rapier
 98453 | Pan      | Gained mutation: Scrolls take you longer to read. [a
                  | neqoxec]
 98491 | Pan      | Noticed Zufoer the pandemonium lord
 98502 | Pan      | Killed Zufoer the pandemonium lord
 98544 | Pan      | Identified the Almanac of Frigorific Envenoming
 98549 | Pan      | Entered the realm of Lom Lobon.
 99137 | Pan      | Noticed Lom Lobon
 99177 | Pan      | Got a magical rune of Zot
 99180 | Pan      | HP: 83/179 [Lom Lobon/tornado (12)]
 99184 | Pan      | HP: 30/179 [Lom Lobon/great icy blast (43)]
 99189 | Pan      | HP: 27/179 [ball lightning[Lom Lobon] (3)]
 99328 | Pan      | HP: 73/179 [green death/poison arrow (7)]
 99362 | Pan      | HP: 88/179 [smoke demon/divine providence (15)]
 99481 | Pan      | Entered the realm of Mnoleg.
 99481 | Pan      | Found an exit through the horrors of the Abyss.
 99562 | Pan      | Gained mutation: You are dopey. (Int -2) [a neqoxec]
 99563 | Pan      | Gained mutation: Potions are less effective at restoring
                  | your health. [a neqoxec]
 99566 | Pan      | Gained mutation: Your body sometimes deteriorates upon
                  | taking damage. [a neqoxec]
 99570 | Pan      | Gained mutation: Your spells are a little easier to cast,
                  | but a little less powerful. [a cacodemon]
 99585 | Pan      | Gained mutation: Scrolls take you much longer to read. [a
                  | cacodemon]
 99659 | Pan      | Noticed Mnoleg
 99677 | Pan      | Killed Mnoleg
 99697 | Pan      | Got a glowing rune of Zot
 99960 | Pan      | Noticed Lom Lobon
 99988 | Pan      | HP: 76/179 [Lom Lobon/great icy blast (20)]
 99999 | Pan      | HP: 75/179 [Lom Lobon/great icy blast (5)]
100004 | Pan      | HP: 37/179 [ball lightning[Lom Lobon] (3)]
100009 | Pan      | HP: 24/179 [Lom Lobon/great icy blast (29)]
100030 | Pan      | HP: 27/179 [??? (4)]
100035 | Pan      | HP: 24/179 [??? (4)]
100043 | Pan      | Noticed Lom Lobon
100047 | Pan      | HP: 67/179 [monstrous demonspawn (3)]
100073 | Pan      | HP: 89/179 [balrug/fireball (1)]
100078 | Pan      | HP: 68/179 [blizzard demon/the air[Lom Lobon] (23)]
100085 | Pan      | HP: 84/179 [balrug/+1 vampiric demon whip (2)]
100128 | Pan      | Gained mutation: Your body often deteriorates upon taking
                  | damage. [a neqoxec]
100130 | Pan      | Gained mutation: Your spells are easier to cast, but less
                  | powerful. [a neqoxec]
100131 | Pan      | Gained mutation: You are very clumsy. (Dex -4) [a neqoxec]
100399 | Pan      | Killed Lom Lobon
100410 | Pan      | HP: 75/179 [hellion/damnation (33)]
100411 | Pan      | Noticed Caczihu the pandemonium lord
100437 | Depths:3 | Escaped Pandemonium
100692 | Pan      | Entered Pandemonium
101346 | Pan      | Found an exit through the horrors of the Abyss.
101473 | Pan      | HP: 78/179 [daeva/divine providence (15)]
101622 | Pan      | Gained mutation: You are very frail. (-20% HP) [a
                  | cacodemon]
101623 | Pan      | Gained mutation: You are extremely frail. (-30% HP) [a
                  | cacodemon]
101958 | Pan      | Found an exit through the horrors of the Abyss.
102014 | Pan      | HP: 67/139 [hellion/damnation (19)]
102231 | Depths:3 | Escaped Pandemonium
102233 | Pan      | Entered Pandemonium
102270 | Pan      | Found a huge runed translucent gate.
102299 | Pan      | Found a huge runed translucent gate.
102300 | Pan      | Found a huge runed translucent gate.
102300 | Pan      | Found a huge runed translucent gate.
102300 | Pan      | Found a huge runed translucent gate.
102300 | Pan      | Found a huge runed translucent gate.
102330 | Pan      | Found a huge runed translucent gate.
102336 | Pan      | Noticed Efreaf the pandemonium lord
102352 | Pan      | Killed Efreaf the pandemonium lord
102417 | Pan      | Reached skill level 15 in Dodging
102520 | Pan      | Noticed Asuu the pandemonium lord
102541 | Pan      | Killed Asuu the pandemonium lord
102628 | Pan      | Got a demonic rune of Zot
102855 | Pan      | Found an exit through the horrors of the Abyss.
102930 | Pan      | Took an exit into the Abyss.
102930 | Abyss:1  | Escaped into the Abyss
102968 | Abyss:1  | Paralysed by accursed screaming for 2 turns
102975 | Abyss:1  | HP: 59/139 [purple very ugly thing (illusionary) (13)]
102987 | Abyss:1  | HP: 69/139 [starcursed mass/accursed screaming (6)]
102992 | Abyss:1  | HP: 53/139 [starcursed mass/accursed screaming (8)]
102993 | Depths:3 | Escaped the Abyss
103470 | Zig:1    | Entered Level 1 of a ziggurat
103493 | Zig:2    | Entered Level 2 of a ziggurat
103516 | Zig:3    | Entered Level 3 of a ziggurat
103530 | Zig:3    | Identified the Guide on Cold and Transmutation
103540 | Zig:4    | Entered Level 4 of a ziggurat
103748 | Zig:5    | Entered Level 5 of a ziggurat
103794 | Zig:5    | Got a scorched broad axe
103798 | Zig:5    | Identified the +7 broad axe of Extinguishment {drain, rElec
                  | rF- Int+7} (You found it on level 5 of a ziggurat)
103802 | Zig:5    | Got a glittering pewter ring
103806 | Zig:5    | Identified the ring "Ximpowon" {rC+ rN+ Int+4 Dex+4} (You
                  | found it on level 5 of a ziggurat)
103885 | Zig:6    | Entered Level 6 of a ziggurat
103932 | Zig:6    | Got a twisted trident
103938 | Zig:6    | Got a transparent scale mail
103942 | Zig:6    | Identified the cursed +0 scale mail of a Gauntlet {rC-
                  | Regen+ Dex+8} (You found it on level 6 of a ziggurat)
103973 | Zig:7    | Entered Level 7 of a ziggurat
104120 | Zig:8    | Entered Level 8 of a ziggurat
104161 | Zig:8    | Got a steaming steel ring
104165 | Zig:8    | Identified the ring "Pogy" {rN+ EV+4} (You found it on
                  | level 8 of a ziggurat)
104209 | Zig:9    | Entered Level 9 of a ziggurat
104217 | Zig:9    | HP: 66/139 [hellion/damnation (31)]
104260 | Zig:9    | HP: 67/139 [necromancer/bolt of fire[an orange crystal
                  | statue] (10)]
104266 | Zig:9    | HP: 60/139 [hell knight/bolt of fire[an orange crystal
                  | statue] (2)]
104277 | Zig:9    | HP: 57/139 [hell knight/bolt of fire[an orange crystal
                  | statue] (6)]
104543 | Zig:9    | Got a smoking ring mail
104570 | Zig:10   | Entered Level 10 of a ziggurat
104607 | Zig:10   | Got a vibrating bone amulet
104611 | Zig:10   | Identified the amulet "Zifi" {rC+ Regen+} (You found it on
                  | level 10 of a ziggurat)
104791 | Zig:11   | Entered Level 11 of a ziggurat
104828 | Zig:11   | Paralysed by a lich for 5 turns
104975 | Zig:12   | Entered Level 12 of a ziggurat
105007 | Zig:12   | HP: 67/139 [acid (13)]
105013 | Zig:12   | HP: 65/139 [white draconian/chilling blast (3)]
105026 | Zig:12   | Got a warped lajatang
105036 | Zig:12   | Identified Spellcraft for Beginners
105240 | Zig:13   | Entered Level 13 of a ziggurat
105258 | Zig:13   | Gained mutation: You do not regenerate when monsters are
                  | visible. [a cacodemon]
105301 | Zig:13   | Got a brightly glowing zirconium amulet
105305 | Zig:13   | Identified the amulet of Cacleeju {Spirit rC+ rN+ Int-2}
                  | (You found it on level 13 of a ziggurat)
105307 | Zig:13   | Got a scorched quarterstaff
105309 | Zig:13   | Identified the Guide on Heat and Poison
105317 | Zig:13   | Got a transparent crystal amulet
105321 | Zig:13   | Identified the amulet "Zuokixt" {Reflect Str-5 Int+6 SH+6
                  | SInv Stlth+} (You found it on level 13 of a ziggurat)
105323 | Zig:13   | Got a jewelled flail
105326 | Zig:13   | Got a smoking ring mail
105407 | Zig:14   | Entered Level 14 of a ziggurat
105424 | Zig:14   | Noticed a juggernaut
105424 | Zig:14   | Noticed a juggernaut
105430 | Zig:14   | Noticed a juggernaut
105430 | Zig:14   | Noticed a juggernaut
105443 | Zig:14   | HP: 67/139 [juggernaut (6)]
105450 | Zig:14   | HP: 23/139 [orc high priest/divine providence (13)]
105452 | Zig:14   | HP: 6/139 [orc high priest/divine providence (17)]
105456 | Zig:14   | Got a wavering granite ring
105461 | Zig:14   | HP: 30/139 [orc high priest/divine providence (12)]
105812 | Depths:4 | Voluntarily entered the Abyss.
105961 | Abyss:1  | Reached skill level 27 in Invocations
105978 | Abyss:1  | Killed Blork the orc
106072 | Abyss:1  | Found a corrupted altar of Lugonu.
106089 | Abyss:1  | Paralysed by you for 7 turns
106231 | Abyss:1  | Found a corrupted altar of Lugonu.
106272 | Abyss:1  | Gained mutation: You are very dopey. (Int -4) [a neqoxec]
106275 | Abyss:1  | Gained mutation: Your magical capacity is low. (-10% MP) [a
                  | neqoxec]
106293 | Abyss:1  | Gained mutation: You occasionally shout uncontrollably at
                  | your foes. [a cacodemon]
106408 | Abyss:1  | Found a corrupted altar of Lugonu.
106636 | Abyss:1  | Found a corrupted altar of Lugonu.
106781 | Abyss:1  | Found a corrupted altar of Lugonu.
106812 | Depths:4 | Escaped the Abyss
106814 | Depths:4 | Voluntarily entered the Abyss.
106905 | Abyss:1  | Found a corrupted altar of Lugonu.
106961 | Abyss:1  | Found a corrupted altar of Lugonu.
107020 | Abyss:1  | Gained mutation: Your magical capacity is very low. (-20%
                  | MP) [a neqoxec]
107048 | Abyss:1  | Lost mutation: Your spells are easier to cast, but less
                  | powerful. [potion of mutation]
107048 | Abyss:1  | Lost mutation: You are extremely frail. (-30% HP) [potion
                  | of mutation]
107048 | Abyss:1  | Lost mutation: Your magical capacity is very low. (-20% MP)
                  | [potion of mutation]
107048 | Abyss:1  | Gained mutation: Your flesh is very heat resistant. (rF++)
                  | [potion of mutation]
107637 | Abyss:1  | HP: 76/159 [starcursed mass/accursed screaming (8)]
107643 | Abyss:1  | HP: 59/159 [starcursed mass/accursed screaming (6)]
107650 | Abyss:1  | HP: 47/159 [starcursed mass/accursed screaming (7)]
108102 | Abyss:1  | HP: 73/159 [daeva/divine providence (12)]
108367 | Abyss:1  | Paralysed by accursed screaming for 1 turns
108794 | Abyss:1  | Got a warped platinum amulet
108809 | Abyss:1  | Identified the amulet of the Eight Spirits {RegenMP rN+
                  | Int+4} (You found it on level 1 of the Abyss)
108817 | Abyss:1  | Identified the ring "Kyikh" {rN++ MP+9 Dex+4 Stlth-} (You
                  | found it on level 14 of a ziggurat)
108822 | Abyss:1  | Paralysed by you for 5 turns
108911 | Abyss:1  | Paralysed by accursed screaming for 2 turns
108950 | Abyss:1  | HP: 79/159 [starcursed mass/accursed screaming (4)]
109162 | Depths:4 | Escaped the Abyss
109165 | Depths:4 | Voluntarily entered the Abyss.
109165 | Abyss:1  | Found a corrupted altar of Lugonu.
110212 | Abyss:1  | Paralysed by accursed screaming for 1 turns
110216 | Abyss:1  | Reached skill level 27 in Armour
110771 | Abyss:1  | Found a hazy altar of Hepliaklqana.
110983 | Abyss:1  | Found an opulent altar of Gozag.
111331 | Abyss:1  | Found a bloodstained altar of Trog.
111468 | Depths:4 | Escaped the Abyss
111847 | Tar:4    | You are sucked into a shaft for 2 floors!
111853 | Tar:7    | Entered Level 7 of Tartarus
112267 | Tar:7    | Got a pitted hand axe
112314 | Tar:7    | Noticed the Serpent of Hell
112316 | Tar:7    | Noticed Ereshkigal
112323 | Tar:7    | HP: 71/159 [smoke demon/divine providence[a shadow demon]
                  | (12)]
112329 | Tar:7    | HP: 66/159 [??? (13)]
112334 | Tar:7    | HP: 79/159 [???[a shadow demon] (16)]
112336 | Tar:7    | Killed the Serpent of Hell
112381 | Tar:7    | Gained mutation: You tend to lose your temper in combat.
                  | [mutagenic glow]
112435 | Tar:7    | Killed Ereshkigal
112437 | Tar:7    | HP: 69/159 [acid (13)]
112672 | Tar:7    | Got an ichor-stained spear
112675 | Tar:7    | Got a smoking golden ring
112679 | Tar:7    | Identified the ring "Jiofol" {rC+ MP+9} (You found it on
                  | level 7 of Tartarus)
112700 | Tar:7    | Got a scorched battleaxe
113171 | Tar:7    | Got a bloodstained flail
113233 | Tar:7    | Noticed an ancient lich
113244 | Tar:7    | Killed an ancient lich
113261 | Tar:7    | Got a bone rune of Zot
113460 | Coc:1    | Entered Level 1 of Cocytus
113773 | Coc:3    | You are sucked into a shaft for 2 floors!
114087 | Coc:7    | Entered Level 7 of Cocytus
114141 | Coc:7    | HP: 79/159 [??? (16)]
114151 | Hell     | HP: 54/159 [Ice Fiend/bolt of cold (7)]
114834 | Coc:3    | Reached skill level 27 in Shields
115166 | Coc:7    | HP: 71/159 [??? (14)]
115425 | Coc:7    | Noticed Antaeus
115448 | Coc:7    | Killed Antaeus
115461 | Coc:7    | Got an icy rune of Zot
115568 | Coc:7    | Gained mutation: You often lose your temper in combat.
                  | [mutagenic glow]
115894 | Coc:7    | Got a faintly glowing short sword
115897 | Coc:7    | Got an ichor-stained hand axe
115990 | Geh:1    | Entered Level 1 of Gehenna
116016 | Geh:1    | Reached skill level 1 in Throwing
116308 | Geh:2    | You are sucked into a shaft!
116501 | Geh:4    | You are sucked into a shaft for 2 floors!
116525 | Geh:6    | Reached skill level 5 in Throwing
116615 | Geh:7    | Entered Level 7 of Gehenna
116722 | Geh:7    | HP: 74/159 [??? (15)]
116946 | Geh:7    | HP: 63/159 [hellion/damnation (29)]
116962 | Geh:7    | HP: 72/159 [balrug/+0 demon whip (6)]
117418 | Geh:7    | HP: 66/159 [hellion/damnation (35)]
117476 | Geh:7    | HP: 73/159 [torment (14)]
117501 | Geh:7    | HP: 76/159 [golden dragon zombie[the effects of Hell] (6)]
117684 | Geh:7    | HP: 77/159 [Brimstone Fiend/damnation (42)]
117691 | Geh:7    | HP: 79/159 [??? (16)]
117849 | Geh:7    | Identified the +7 sceptre of Asmodeus
117849 | Geh:7    | Noticed Asmodeus
117860 | Geh:7    | HP: 70/159 [Asmodeus/damnation (47)]
117871 | Geh:7    | HP: 68/159 [Asmodeus] (2)]
117874 | Geh:7    | HP: 8/159 [Asmodeus/damnation (45)]
117879 | Geh:7    | Killed Asmodeus
117894 | Geh:7    | Got an obsidian rune of Zot
118103 | Dis:1    | Entered Level 1 of the Iron City of Dis
118745 | Dis:4    | Reached skill level 10 in Throwing
119133 | Dis:6    | HP: 74/159 [??? (15)]
119138 | Dis:6    | HP: 74/159 [??? (15)]
119238 | Dis:7    | Entered Level 7 of the Iron City of Dis
119773 | Dis:7    | Reached skill level 27 in Axes
120315 | Dis:7    | Identified the cursed +0 acid dragon scales of Apathy
                  | {rCorr Dex+2}
120384 | Dis:7    | HP: 77/159 [Hell Sentinel/iron shot (33)]
120543 | Dis:7    | Identified the +2 buckler of the Sky {rC+ Stlth+}
120667 | Dis:7    | Gained mutation: Your magical capacity is very low. (-20%
                  | MP) [mutagenic glow]
120705 | Dis:7    | Identified the +0 scimitar "Zuoboce" {freeze, -Tele +Inv
                  | rPois Dex+8}
120817 | Dis:7    | Identified the Grimoire of the Dusty Volcanoes
120819 | Dis:7    | Identified the Tome of Entrancing Weightlessness
121004 | Dis:7    | Identified the +3 plate armour of the Doge {MR++}
121021 | Dis:7    | Identified the +4 staff of Dispater
121021 | Dis:7    | Noticed Dispater
121056 | Dis:7    | HP: 107/238 [???[Dispater] (21)]
121061 | Dis:7    | Killed Dispater
121086 | Dis:7    | Got an iron rune of Zot
121589 | Elf:1    | Entered Level 1 of the Elven Halls
121743 | Elf:1    | Noticed Agnes
121750 | Elf:1    | Killed Agnes
122605 | Elf:2    | Found a runed translucent gate.
122605 | Elf:2    | Found a runed translucent gate.
122606 | Elf:2    | Found a runed translucent gate.
123110 | Elf:3    | Entered Level 3 of the Elven Halls
123202 | Elf:3    | Found a runed translucent door.
123203 | Elf:3    | Noticed Pawles22's ghost (adept FoAK)
123270 | Elf:3    | Killed Pawles22's ghost
123594 | Elf:3    | Identified the +2 chain mail "Olu Dun" {SInv}
123594 | Elf:3    | Identified the amulet "Lyocem" {Gourm rPois MR+}
123595 | Elf:3    | Identified the +3 great sword of the Hero {slice, *Noise
                  | rElec rPois Dex+4}
123619 | Elf:3    | Got a smoking bronze ring
123623 | Elf:3    | Identified the ring "Darhen" {Str+3 Dex+4 Stlth-} (You
                  | found it on level 3 of the Elven Halls)
123643 | Elf:3    | Got a transparent shortbow
123669 | Elf:3    | Got a jewelled dire flail
123719 | Elf:3    | Identified the +2 ice dragon scales of the Komodo Dragon
                  | {rF- rC++ Regen+}
123739 | Elf:3    | Identified the Papyrus of Calling and the Compass
123747 | Elf:3    | Got a warped shortbow
124738 | Zot:5    | Got the Orb of Zot
125180 | Tomb:1   | Entered Level 1 of the Tomb of the Ancients
125324 | Tomb:1   | Gained mutation: Your magical capacity is extremely low.
                  | (-30% MP) [a neqoxec]
125384 | Tomb:1   | Identified the +7 whip "Diorar" {freeze, rF++ Str+4}
125414 | Tomb:1   | Noticed an ancient lich
125422 | Tomb:1   | Killed an ancient lich
125498 | Tomb:2   | Noticed an ancient lich
125499 | Tomb:2   | Noticed a greater mummy
125507 | Tomb:2   | Killed an ancient lich
125529 | Tomb:2   | Noticed a greater mummy
125530 | Tomb:2   | Killed a greater mummy
125540 | Tomb:2   | Noticed a greater mummy
125550 | Tomb:2   | HP: 78/159 [??? (15)]
125552 | Tomb:2   | Killed a greater mummy
125557 | Tomb:2   | Killed a greater mummy
125602 | Tomb:2   | Identified the +2 buckler "Qylexus" {-Tele rF+ rN++ Str+4}
125670 | Tomb:2   | Identified the Compendium of Damage Dealing and Darkness
125692 | Tomb:2   | Noticed Yqixt the pandemonium lord
125702 | Tomb:2   | Killed Yqixt the pandemonium lord
125702 | Tomb:2   | Reached skill level 27 in Dodging
125709 | Tomb:2   | Noticed Buat Ras the pandemonium lord
125717 | Tomb:1   | Noticed a greater mummy
125717 | Tomb:1   | Noticed a greater mummy
125721 | Tomb:1   | Killed a greater mummy
125733 | Tomb:1   | Killed a greater mummy
125733 | Tomb:1   | Reached skill level 1 in Stealth
125739 | Tomb:1   | Noticed a greater mummy
125741 | Tomb:1   | Noticed a greater mummy
125753 | Tomb:1   | Noticed a greater mummy
125755 | Tomb:1   | Killed a greater mummy
125760 | Tomb:1   | Killed a greater mummy
125760 | Tomb:1   | Reached skill level 5 in Evocations
125768 | Tomb:1   | Noticed Defrew the pandemonium lord
125778 | Tomb:1   | Killed Defrew the pandemonium lord
125789 | Tomb:1   | Killed a greater mummy
125795 | Tomb:1   | Noticed a greater mummy
125804 | Tomb:1   | Noticed a greater mummy
125805 | Tomb:1   | Killed a greater mummy
125807 | Tomb:1   | Noticed a greater mummy
125811 | Tomb:1   | HP: 73/159 [emperor scorpion[a greater mummy] (7)]
125815 | Tomb:1   | Killed a greater mummy
125815 | Tomb:1   | Reached skill level 5 in Stealth
125818 | Tomb:1   | HP: 37/159 [greater mummy/divine providence (14)]
125819 | Tomb:1   | Killed a greater mummy
125822 | Tomb:1   | Noticed a greater mummy
125824 | Tomb:1   | HP: 36/159 [greater mummy/divine providence (12)]
125830 | Tomb:1   | Killed a greater mummy
125883 | Tomb:1   | Noticed Curon the pandemonium lord
125885 | Tomb:1   | HP: 62/159 [Curon the pandemonium lord (3)]
125887 | Tomb:1   | Killed from afar by Curon the pandemonium lord

Skill      XL: |  1  2  3  4  5  6  7  8  9 10 11 12 13 14 15 16 17 18 19 20 21 22 23 24 25 26 27 |
---------------+----------------------------------------------------------------------------------+-----
Maces & Flails | 3 4 5 6 7 8 10 13 14 16 18 | 18.7
Fighting       | 4 5 6 7 8 9 10 11 12 13 14 16 18 19 20 21 22 23 25 26 27 | 27.0
Invocations    | 3 4 5 7 8 10 11 12 13 14 16 27 | 27.0
Armour         | 3 4 6 7 9 10 11 12 13 14 15 16 17 18 19 20 27 | 27.0
Axes           | 3 7 9 10 11 13 14 15 16 27 | 27.0
Dodging        | 3 5 6 8 10 27 | 27.0
Evocations     | 3 4 6 |  6.1
Shields        | 7 10 11 12 13 15 17 27 | 27.0
Throwing       | 12 | 12.8
Stealth        | 6 |  6.0

Action                   |  1- 3 |  4- 6 |  7- 9 | 10-12 | 13-15 | 16-18 | 19-21 | 22-24 | 25-27 || total
-------------------------+-------+-------+-------+-------+-------+-------+-------+-------+-------++-------
Melee: Mace              |   121 |   236 |    38 |       |       |       |       |       |       ||   395
       Flail             |       |       |   243 |       |       |       |       |       |       ||   243
       War axe           |       |       |    74 |   461 |  1182 |  1144 |   216 |       |       ||  3077
       Broad axe         |       |       |       |       |       |       |  1124 |   620 | 10938 || 12682
       Maul              |       |       |       |       |       |       |     3 |   442 |       ||   445
       Headbutt          |       |       |       |       |       |       |       |    16 |  1462 ||  1478
Throw: Throwing net      |       |       |       |       |       |       |       |     3 |       ||     3
Invok: Depart the Abyss  |     1 |       |       |       |       |       |       |       |     1 ||     2
       Banish            |       |       |     2 |       |     6 |     1 |     5 |     3 |       ||    17
       Bend Space        |       |       |       |       |       |     7 |       |       |     1 ||     8
       Brand Weapon With |       |       |       |       |       |       |     1 |       |       ||     1
       Corrupt           |       |       |       |       |       |       |       |     3 |     5 ||     8
       Cleansing Flame   |       |       |       |       |       |       |       |       |    53 ||    53
       Summon Divine War |       |       |       |       |       |       |       |       |    16 ||    16
       Recite            |       |       |       |       |       |       |       |       |     7 ||     7
       Sanctuary         |       |       |       |       |       |       |       |       |     2 ||     2
       Donate Gold       |       |       |       |       |       |       |       |       |     2 ||     2
       Divine Shield     |       |       |       |       |       |       |       |       |     2 ||     2
       Imprison          |       |       |       |       |       |       |       |       |     1 ||     1
       Brand Weapon With |       |       |       |       |       |       |       |       |     1 ||     1
 Abil: Fly               |       |       |       |       |     1 |       |       |       |     1 ||     2
       Stop Flying       |       |       |       |       |       |       |       |       |     2 ||     2
Evoke: Wand              |       |       |     1 |     2 |       |     4 |     2 |     7 |     8 ||    24
  Use: Scroll            |       |    13 |     5 |     6 |    15 |     4 |    10 |    12 |    81 ||   146
       Potion            |       |       |       |       |     1 |       |       |     8 |    56 ||    65
 Stab: Paralysed         |       |       |     6 |       |       |       |       |       |     4 ||    10
       Petrified         |       |       |       |     2 |     5 |     7 |       |       |     3 ||    17
       Petrifying        |       |       |       |       |     1 |     5 |       |       |     1 ||     7
       Held in net/web   |       |       |       |       |       |       |       |     1 |       ||     1
       Distracted        |       |       |       |       |       |       |       |       |     7 ||     7
       Confused          |       |       |       |       |       |       |       |       |     5 ||     5
       Invisible         |       |       |       |       |       |       |       |       |     1 ||     1
  Eat: Chunk             |     2 |     8 |    12 |    18 |    37 |    29 |    36 |    19 |    69 ||   230
       Ration            |       |       |       |       |     2 |     4 |     1 |    13 |    43 ||    63
Armor: Leather armour    |    71 |   118 |    58 |       |       |       |       |       |       ||   247
       Chain mail        |       |       |   122 |       |   635 |   432 |       |  1290 |       ||  2479
       Plate armour      |       |       |    98 |   415 |   366 |   279 |   514 |    37 |       ||  1709
       Gold dragon scale |       |       |       |       |       |       |       |    92 |  4107 ||  4199
Dodge: Dodged            |    77 |   165 |   159 |   148 |   560 |   359 |   266 |   953 |  2430 ||  5117
Block: Large shield      |       |       |       |       |       |   827 |   635 |   389 | 12207 || 14058
       Buckler           |       |       |       |       |       |    30 |   258 |    59 |       ||   347
       Other             |       |       |       |       |       |       |       |    92 |       ||    92
       Reflection        |       |       |       |       |       |       |       |    20 |   246 ||   266

Levels and vault maps discovered:
D:1:      dpeg_arrival_refuge, layout_loops_cross
D:2:      layout_basic, first_ration, kennysheep_slug_shrine, uniq_natasha
D:3:      wad_lake_hut, layout_basic, nicolae_overflow_crystal_walls,
          uniq_jessica
D:4:      layout_loops_ring, portal_sewer_entry_d, serial_shops, shop_coins,
          shop, shop, shop, nicolae_shop_statue_plus
D:5:      layout_rooms
D:6:      layout_basic, marbit_many_paths, serial_shops,
          nicolae_shop_behind_doors, uniq_blork_the_orc
D:7:      layout_basic, lemuel_crystal_altar, minmay_temple_entry_junction_2,
          serial_undead, serial_undead_c, serial_undead_b, serial_undead_b,
          serial_undead_f, nicolae_ossuary_entry_ruins, grunt_livestock,
          minmay_fountain_box
D:8:      layout_gridville, lemuel_crystal_altar, dpeg_lair_monsters,
          minmay_unpleasant_kobolds, uniq_pikel, uniq_psyche
D:9:      layout_roguey, david_orc_5
D:10:     layout_loops_corners, basic_altar, onia_ninara_dug_in_and_dangerous
D:11:     layout_roguey
D:12:     evilmike_library_of_no_secrets, layout_basic,
          minmay_guarded_unrand_zonguldrok
D:13:     layout_basic, lightli_vaults_fourway_checkpoint
D:14:     layout_basic, basic_altar, serial_shops, shop_statue,
          minmay_tree_intersection, grunt_ministairs_14
D:15:     hangedman_depths_entry_try_elsewhere_first, layout_long_grid,
          chequers_serial_rivers_micro_b, serial_glass, glass_columns_b,
          glass_columns_c, glass_columns_a, glass_columns_b,
          minmay_mirror_moons_of_madness
Temple:   hc_temple_tempest_star
Lair:1:   layout_hall_layers, serial_bayou_shore_a
Lair:2:   layout_cave_pods, infiniplex_staircase_pool_2, lemuel_fruit_fields,
          grunt_megastairs_4
Lair:3:   layout_gridlike, elwin_shoals_entry_rooms, spider_nest_entry_a,
          gammafunk_ghost_cemetery, uniq_gastronok, uniq_urug
Lair:4:   layout_roguey, basic_altar, beast_lair_carwin_1, lemuel_fruit_tree,
          uniq_josephine
Lair:5:   layout_roguey
Lair:6:   hangedman_lair_caniforms_friends, layout_regular_city,
          hangedman_lair_tendril_chambers, minmay_slime_entry_oklob_open,
          lightli_volcano_entry_magma_tube, basic_altar, serial_bayou_crossing
Shoals:1: layout_shoals
Shoals:2: layout_shoals, serial_shops, nicolae_shop_crystal, shop, shop_statue,
          shop, nicolae_shop_waterfront, uniq_polyphemus
Shoals:3: layout_shoals
Shoals:4: shoals_end_grunt_ice, layout_shoals, shoals_ilsuiw_ice,
          nicolae_shoals_hunting_party
Spider:1: layout_spider_delve
Spider:2: layout_spider_delve
Spider:3: layout_spider_delve, uniq_arachne
Spider:4: spider_rune_water, uniq_nikola, uniq_louise
Slime:1:  layout_caves
Slime:2:  layout_caves
Slime:3:  layout_caves
Slime:4:  layout_caves, nicolae_slime_barrier
Slime:5
Orc:1:    layout_diamond_mine, mines_bat_river
Orc:2:    st_orc_rangers, layout_diamond_mine, gauntlet_entry_generic,
          serial_shops, shop_statue
Elf:1:    eino_elf_arrival_sip, layout_gridlike, hangedman_elf_represent,
          einodemon_barbed_minivault, uniq_agnes
Elf:2:    layout_loops_cross
Elf:3:    minmay_elf_hall_quartered_circle, layout_geoelf_diagonals,
          ebering_ghost_reflecting_pool
Vaults:1: ontoclasm_vaults_fire_temple, v_pattern_1, v_misc_27,
          vaults_dpeg_diagonal, nicolae_vaults_mini_display_case,
          nicolae_vaults_little_squares_1, layout_vaults_omnigrid
Vaults:2: minmay_crypt_entry_simple_walls, grunt_vaults_diagonal,
          ontoclasm_vaults_tryst, v_alt_pattern_5, v_misc_33, v_alt_pattern_4,
          nicolae_vaults_network_square, hangedman_vaults_variations,
          hangedman_vaults_maws, nicolae_vaults_network_periphery, st_lattice,
          nicolae_vaults_asterisk, layout_vaults_big_cross
Vaults:3: nicolae_vaults_little_squares_5, vaults_mumra_minichess,
          hangedman_vaults_maws, st_eye, vaults_room_semicircle,
          hangedman_vaults_impose, hangedman_vaults_locks, v_pattern_2,
          nicolae_vaults_arrows, v_misc_29, layout_vaults_maze_bifur,
          serial_shops, shop
Vaults:4: vaults_room_grid, hangedman_vaults_restitches, v_alt_pattern_1,
          nicolae_vaults_little_squares_4, v_misc_11, hangedman_vaults_pinch,
          vaults_mumra_chevron_long, v_rooms_4, v_misc_4,
          vaults_room_large_hall, v_misc_28, serial_ice_b, kb_rosetta,
          serial_ice_g, nicolae_vaults_gold_heap, nicolae_vaults_rhombus_6,
          layout_vaults_ring
Vaults:5
Crypt:1:  lemuel_vampire_tower, layout_regular_city, mu_enter_wizlab_5
Crypt:2:  minmay_guarded_unrand_majin_bo, layout_misc_corridors,
          nicolae_crypt_soggy_tomb
Crypt:3:  due_elkab, layout_chaotic_city, lemuel_nasty_fountain
Tomb:1
Tomb:2
Depths:1: layout_cave_pools, roderic_serpentine_path, pf_coc_iceberg,
          kennysheep_generic_room_12
Depths:2: mu_elemental_laboratory, layout_gridlike, enter_ziggurat_f,
          grunt_metal_band, nicolae_blasting_shop, hangedman_decor_riveting,
          uniq_saint_roka
Depths:3: gammafunk_the_bubble [the_bubble_gammafunk_crates], layout_gridlike,
          hellmouth_3, pan_entry, serial_bayou_pond_b, serial_sigils,
          serial_sigils_hangedman_stare, serial_sigils_hangedman_etch,
          serial_sigils_hangedman_shear, serial_sigils_hangedman_writhe,
          serial_sigils_hangedman_quiver, serial_sigils_hangedman_scratch
Depths:4: minmay_the_grid_four_pointed_star
          [minmay_the_grid_triangle_9x9_longest,
          minmay_the_grid_triangle_9x9_thin_v,
          minmay_the_grid_triangle_9x9_windchime,
          minmay_the_grid_triangle_9x9_cache, minmay_the_grid_prize_trominoes],
          layout_long_grid, chequers_serial_rivers_micro_e,
          pf_vacation_house_of_asmodeus, abyss_entry, chequers_jeans,
          uniq_frederick, uniq_mennas, uniq_sojobo
Depths:5: evilmike_zot_entry_gauntlet, layout_small_grid,
          minmay_misc_feat_roman, serial_shops, nicolae_shop_statue_plus,
          hell_entry, skrybe_limestone_x
Hell
Dis:1:    layout_subdivisions
Dis:2:    hangedman_dis_monolith, layout_chaotic_city, evilmike_ambush
          [evilmike_ambush_outer_basic, evilmike_ambush_inner_pond]
Dis:3:    layout_jigsaw
Dis:4:    layout_chaotic_city, nicolae_dis_iron_filings
Dis:5:    layout_gridville, nrook_loot_triangle
Dis:6:    layout_gridville
Dis:7:    iron_city_of_dis [dis_grunt, dis_wall_4], layout_chaotic_city
Geh:1:    layout_gehenna_pools_box, grunt_megastairs_3
Geh:2:    layout_gehenna_pools_basic, nicolae_geh_amphitheater
Geh:3:    layout_gehenna_pools_basic
Geh:4:    layout_gehenna_pools_triple
Geh:6:    layout_gehenna_pools_box
Geh:7:    geh_old
Coc:1:    layout_cocytus_water_paths
Coc:2:    layout_ice_bergs
Coc:3:    layout_cocytus_water_paths, serial_ice, serial_ice_n
Coc:4:    layout_cocytus_water_paths
Coc:5:    layout_ice_bergs
Coc:6:    layout_cocytus_water_paths
Coc:7:    coc_dpeg
Tar:1:    layout_catacombs, nicolae_tar_cuneiform_heaven
Tar:2:    layout_honeycomb, nicolae_tar_cuneiform_to_be
Tar:3:    layout_grid_maze
Tar:4:    layout_grid_maze, nicolae_tar_cuneiform_city
Tar:6:    layout_grid_maze
Tar:7:    tar_grunt_cathedral
Zot:1:    layout_onion_interference
Zot:2:    layout_twisted_circle, skrybe_zot_glass_2
Zot:3:    layout_onion_interference
Zot:4:    layout_cathedral_of_symmetry
Zot:5:    layout_gridlike, skrybe_zot_glass_3
Abyss:1
Abyss:2:  hangedman_abyss_exit_choices, guppyfry_abyss_exit_imp_island
Abyss:3:  hangedman_classic_abyss_death
Abyss:4:  hangedman_grunt_abyss_rune_horror_hoard,
          hangedman_abyss_or_decor_jellyfish_corner
Abyss:5:  evilmike_abyss_exit_8
Pan:      rand_demon_6, layout_pan_divisions_b [pan_division_quadrant_b5,
          pan_division_quadrant_b4, pan_division_quadrant_b4,
          pan_division_quadrant_b2], nicolae_pan_mnolegish_5
Zig:1:    ziggurat_pillar_abc, ziggurat_pillar_abc, ziggurat_pillar_abc,
          ziggurat_pillar_abc
Zig:2
Zig:3:    ziggurat_pillar_abc, ziggurat_pillar_abc, ziggurat_pillar_abc,
          ziggurat_pillar_abc
Zig:4
Zig:5
Zig:6
Zig:7
Zig:8
Zig:9
Zig:10
Zig:11
Zig:12
Zig:13
Zig:14
Sewer:    sewer_kobolds
Volcano:  volcano_aerie
WizLab:   wizlab_doroklohe
Gauntlet: gammafunk_gauntlet_shortcut [nicolae_gauntlet_arena_x,
          nicolae_gauntlet_arena_blocks, gammafunk_gauntlet_arena_grid,
          nicolae_gauntlet_arena_grate_2, nicolae_gauntlet_arena_quarters,
          nicolae_gauntlet_arena_t_cross, gauntlet_exit_hidden_loot]
